 Dungeon Crawl Stone Soup version 0.31.0-9-g3a7656b989 (webtiles) character file.

Game seed: 7352203654722792471

16141835 paavali the Annihilator (level 27, 165/199 HPs)
             Began as a Gargoyle Earth Elementalist on Jan 27, 2024.
             Was the Champion of Vehumet.
             Escaped with the Orb
             ... and 15 runes on Jan 28, 2024!
             The game lasted 06:57:58 (97810 turns).

paavali the Annihilator (GrEE)                     Turns: 97810, Time: 06:57:58

Health: 165/199    AC: 36    Str: 18    XL:     27
Magic:  54/54      EV: 12    Int: 37    God:    Vehumet [******]
Gold:   18096      SH: 33    Dex: 12    Spells: 19/80 levels left

rFire   + + +        P - staff of Guile {rF++ Str-5 Conj}
rCold   + + +        y - +18 shield of the Gong {Loud rN+ Will+ rCorr EV-5}
rNeg    + + +        i - +1 robe of Tiyragrua {rF+ Will+ Regen+}
rPois   ∞            L - +1 helmet {Int+3}
rElec   +            J - scarf "Plog" {+Inv, rElec rC+ Regen+ Str+2}
rCorr   +            f - +0 pair of gloves "Kari" {rC++ Dex+2}
SInv    +            N - +2 pair of boots
Will    +++++        Y - amulet of Vitality {RegenMP++ Regen++}
Stlth   +            S - ring "Saskas" {rC+ Str+6 Int+3 SInv Stlth+}
HPRegen 3.73/turn    C - ring "Vuin" {Wiz Will++}
MPRegen 1.14/turn

%: wizardry (x1)
@: death-form, on vortex cooldown, flying, glowing, studying 4 skills
A: vile attack, torment immunity, no potions, flying, sickness immunity, AC +20,
big wings, negative energy resistance 1, electricity resistance, torment
resistance 1, petrification resistance, iridescent scales 1, fire resistance 1
0: Orb of Zot
}: 15/15 runes: decaying, slimy, silver, golden, iron, obsidian, icy, bone,
abyssal, demonic, glowing, magical, fiery, dark, gossamer
a: Siphon Essence, Begin Untransformation, Renounce Religion, Evoke Invisibility


You escaped.
You worshipped Vehumet.
Vehumet was exalted by your worship.
You were an undying horror.
You visited 18 branches of the dungeon, and saw 88 of its levels.
You visited Pandemonium 1 time, and saw 23 of its levels.
You visited the Abyss 2 times.
You visited 2 ziggurats, and saw 48 of their levels (deepest: 25).
You also visited: Trove, Gauntlet and Volcano.

You collected 20795 gold pieces.
You spent 2699 gold pieces at shops.

Inventory:

Hand Weapons
 c - the +7 lajatang of Order {silver, rMut}
   (You took it off a deep elf high priest on level 5 of the Vaults)

   rMut:      It protects you from mutation.
Missiles
 b - 7 throwing nets (quivered)
Armour
 f - the +0 pair of gloves "Kari" (worn) {rC++ Dex+2}
   (You found it in a treasure trove)

   Dex+2:     It affects your dexterity (+2).
   rC++:      It greatly protects you from cold.
 i - the +1 robe of Tiyragrua (worn) {rF+ Will+ Regen+}
   (You found it on level 3 of the Tomb of the Ancients)

   rF+:       It protects you from fire.
   Will+:     It increases your willpower.
   Regen+:    It increases your rate of health regeneration.
 y - the +18 shield of the Gong (worn) {Loud rN+ Will+ rCorr EV-5}
   (You found it on level 22 of a ziggurat)

   Loud:      It is deafeningly noisy when blocking attacks.
   EV-5:      It affects your evasion (-5).
   rN+:       It protects you from negative energy.
   Will+:     It increases your willpower.
   rCorr:     It protects you from acid and corrosion.
 J - the scarf "Plog" (worn) {+Inv, rElec rC+ Regen+ Str+2}
   (You found it on level 13 of the Dungeon)

   Str+2:     It affects your strength (+2).
   rC+:       It protects you from cold.
   rElec:     It insulates you from electricity.
   Regen+:    It increases your rate of health regeneration.
 L - a +1 helmet of intelligence (worn)
 N - a +2 pair of boots (worn)
Magical Staves
 e - a staff of earth
 D - a staff of fire
 P - the staff of Guile (weapon) {rF++ Str-5 Conj}
   (You found it on level 15 of a ziggurat)

   [staff of conjuration]

   Base accuracy: +5 Base damage: 5 Base attack delay: 1.2 This weapon's minimum
   attack delay (0.6) is reached at skill level 12.
   Str-5:     It affects your strength (-5).
   rF++:      It greatly protects you from fire.
   Conj:      It increases the power of your Conjurations spells.
   It falls into the 'Staves' category.
   It is a one-handed weapon.
Jewellery
 n - the ring "Ockox" {Fly rPois rF+}
   (You found it on level 8 of a ziggurat)

   [ring of flight]

   rF+:       It protects you from fire.
   rPois:     It protects you from poison Fly: It grants you flight.
 z - the ring of Iwioll {Fire Will++}
   (You took it off a necromancer on level 2 of the Depths)

   [ring of fire]

   Fire:      It enhances your fire magic.
   rF+:       It protects you from fire.
   rC-:       It makes you vulnerable to cold.
   Will++:    It greatly increases your willpower.
 C - the ring "Vuin" (right hand) {Wiz Will++}
   (You found it on level 15 of a ziggurat)

   [ring of wizardry]

   Wiz:       It improves your spell success rate.
   Will++:    It greatly increases your willpower.
 S - the ring "Saskas" (left hand) {rC+ Str+6 Int+3 SInv Stlth+}
   (You acquired it on level 13 of a ziggurat)

   [ring of strength]

   Str+6:     It affects your strength (+6).
   Int+3:     It affects your intelligence (+3).
   rC+:       It protects you from cold.
   SInv:      It lets you see invisible.
   Stlth+:    It makes you more stealthy.
 U - the ring "Xaf Xib" {^Drain Will+ Int+5}
   (You found it on level 15 of a ziggurat)

   [ring of willpower]

   Int+5:     It affects your intelligence (+5).
   Will+:     It increases your willpower.
   ^Drain:    It drains your maximum health when unequipped.
 W - the ring of Niech {rPois Will++ EV+5}
   (You found it in Pandemonium)

   [ring of evasion]

   EV+5:      It affects your evasion (+5).
   rPois:     It protects you from poison Will++: It greatly increases your
   willpower.
 X - the ring "Buun Haf" {rC+ Will+}
   (You found it on level 17 of a ziggurat)

   [ring of willpower]

   rC+:       It protects you from cold.
   Will+:     It increases your willpower.
 Y - the amulet of Vitality (around neck) {RegenMP++ Regen++}
   (You found it in a Gauntlet)

   [amulet of magic regeneration]

   RegenMP:   It increases your rate of magic regeneration.
   Regen++:   It increases your rate of health regeneration.
Talismans
 K - the death talisman "Cielowk" (active) {Int+4}
   (You found it on level 21 of a ziggurat)

   [talisman of death]

   Int+4:     It affects your intelligence (+4).
Wands
 a - a wand of digging (66)
 B - a wand of paralysis (185)
 E - a wand of mindburst (109)
 G - a wand of acid (101)
 T - a wand of roots (154)
Scrolls
 g - 19 scrolls of enchant weapon
 h - 9 scrolls of revelation
 m - 36 scrolls of teleportation
 o - 6 scrolls of summoning
 p - 5 scrolls of blinking
 q - 9 scrolls of noise
 F - 28 scrolls of fog
 H - 17 scrolls of amnesia
 I - 12 scrolls of poison
 Q - 12 scrolls of fear
Potions
 d - 11 potions of heal wounds
 j - 17 potions of cancellation
 k - 14 potions of brilliance
 l - 36 potions of mutation {!q}
 r - 10 potions of resistance
 s - 40 potions of curing
 t - 9 potions of haste
 u - 8 potions of berserk rage
 v - 17 potions of might
 w - 18 potions of ambrosia
 x - 2 potions of magic
 O - 7 potions of invisibility


   Skills:
 O Level 27 Fighting
 - Level 19.0 Staves
 - Level 20.1 Armour
 - Level 13.8 Dodging
 - Level 2.1 Stealth
 - Level 21.2 Shields
 O Level 27 Spellcasting
 O Level 27 Conjurations
 - Level 10.0 Summonings
 - Level 5.5 Necromancy
 O Level 27 Fire Magic
 O Level 27 Ice Magic
 O Level 27 Earth Magic
 + Level 20.0 Evocations
 - Level 26.8 Shapeshifting


You had 19 spell levels left.
You knew the following spells:

 Your Spells              Type           Power      Damage    Failure   Level
a - Borgnjor's Vile Clut  Necr/Erth      53%        N/A       0%          5
b - Lehudib's Crystal Sp  Conj/Erth      77%        10d17     1%          8
c - Fire Storm            Conj/Fire      77%        8d19      1%          9
d - Spellforged Servitor  Conj/Summ      68%        N/A       1%          7
e - Bombard               Conj/Erth      77%        9d12      0%          6
f - Ignition              Fire           64%        3d17      1%          8
g - Shatter               Erth           64%        3d48*     1%          9
h - Polar Vortex          Ice            64%        12d8*     1%          9

Your spell library contained the following spells:

 Spells                   Type           Power      Damage    Failure   Level
 Foxfire                  Conj/Fire      100%       2x1d9     0%          1
 Freeze                   Ice            100%       1d10      0%          1
 Kiss of Death            Conj/Necr      100%       2d13      0%          1
 Magic Dart               Conj           100%       1d8       0%          1
 Sandblast                Erth           100%       2d20      0%          1
 Shock                    Conj/Air       100%       1d9       0%          1
 Sting                    Conj/Alch      100%       1d9       0%          1
 Summon Small Mammal      Summ           100%       N/A       0%          1
 Call Imp                 Summ           100%       N/A       0%          2
 Ensorcelled Hibernation  Hex/Ice        100%       N/A       0%          2
 Momentum Strike          Conj/Tloc      100%       3d10      0%          2
 Scorch                   Fire           100%       2d9       0%          2
 Searing Ray              Conj           100%       2d8       0%          2
 Static Discharge         Conj/Air       100%       3-8/arc   0%          2
 Call Canine Familiar     Summ           89%        N/A       0%          3
 Dazzling Flash           Conj/Hex       100%       N/A       0%          3
 Frozen Ramparts          Ice            100%       1d16      0%          3
 Hailstorm                Conj/Ice       100%       3d16      0%          3
 Inner Flame              Hex/Fire       99%        N/A       0%          3
 Ozocubu's Armour         Ice            100%       N/A       0%          3
 Passwall                 Erth           100%       N/A       0%          3
 Stone Arrow              Conj/Erth      100%       3d13      0%          3
 Summon Ice Beast         Ice/Summ       100%       N/A       0%          3
 Volatile Blastmotes      Fire/Tloc      100%       2d18      0%          3
 Animate Armour           Summ/Erth      100%       N/A       0%          4
 Brom's Barrelling Bould  Conj/Erth      100%       2d11      0%          4
 Flame Wave               Conj/Fire      100%       2d21      0%          4
 Fulminant Prism          Conj/Alch      61%        3d26      0%          4
 Ignite Poison            Fire/Alch      99%        N/A       0%          4
 Iskenderun's Mystic Bla  Conj/Tloc      100%       2d19      0%          4
 Leda's Liquefaction      Alch/Erth      49%        N/A       0%          4
 Petrify                  Alch/Erth      99%        N/A       0%          4
 Sticky Flame             Fire/Alch      99%        2d15      0%          4
 Summon Blazeheart Golem  Fire/Summ      100%       N/A       0%          4
 Fireball                 Conj/Fire      77%        3d29      0%          5
 Freezing Cloud           Conj/Ice/Air   67%        6-21      0%          5
 Iskenderun's Battlesphe  Conj           100%       2d15      0%          5
 Lee's Rapid Deconstruct  Erth           64%        3d29*     0%          5
 Starburst                Conj/Fire      77%        6d20      0%          6
 Orb of Destruction       Conj           77%        9d17      0%          7
 Ozocubu's Refrigeration  Ice            64%        4d21      0%          7
 Apportation              Tloc           98%        N/A       1%          1
 Necrotise                Necr           100%       1d9       1%          1
 Slow                     Hex            100%       N/A       1%          1
 Blink                    Tloc           98%        N/A       1%          2
 Jinxbite                 Hex            98%        N/A       1%          2
 Lesser Beckoning         Tloc           98%        N/A       1%          2
 Mercury Vapours          Alch/Air       98%        N/A       1%          2
 Confusing Touch          Hex            49%        N/A       1%          3
 Fugue of the Fallen      Necr           74%        N/A       1%          3
 Gell's Gravitas          Tloc           49%        N/A       1%          3
 Mephitic Cloud           Conj/Alch/Air  100%       N/A       1%          3
 Sigil of Binding         Hex            49%        N/A       1%          3
 Swiftness                Air            49%        N/A       1%          3
 Teleport Other           Tloc           49%        N/A       1%          3
 Tukima's Dance           Hex            49%        N/A       1%          3
 Vampiric Draining        Necr           74%        2d11      1%          3
 Airstrike                Air            24%        2d(4-20)  1%          4
 Anguish                  Hex/Necr       31%        N/A       1%          4
 Animate Dead             Necr           74%        N/A       1%          4
 Cause Fear               Hex            24%        N/A       1%          4
 Dimensional Bullseye     Hex/Tloc       24%        N/A       1%          4
 Dispel Undead            Necr           74%        3d25      1%          4
 Manifold Assault         Tloc           49%        N/A       1%          4
 Martyr's Knell           Necr/Summ      82%        N/A       1%          4
 Olgreb's Toxic Radiance  Alch           49%        N/A       1%          4
 Passage of Golubria      Tloc           49%        N/A       1%          4
 Summon Lightning Spire   Summ/Air       72%        N/A       1%          4
 Vhi's Electric Charge    Tloc/Air       98%        N/A       1%          4
 Arcjolt                  Conj/Air       61%        1d71      1%          5
 Curse of Agony           Necr           74%        N/A       1%          5
 Irradiate                Conj/Alch      61%        3d32      1%          5
 Metabolic Englaciation   Hex/Ice        49%        N/A       1%          5
 Summon Forest            Summ/Tloc      36%        N/A       1%          5
 Summon Mana Viper        Hex/Summ       72%        N/A       1%          5
 Yara's Violent Unravell  Hex/Alch       24%        3d11      1%          5
 Conjure Ball Lightning   Conj/Air       61%        3x3d22    1%          6
 Plasma Beam              Fire/Air       49%        2x1d64    1%          6
 Sculpt Simulacrum        Ice/Alch       49%        N/A       1%          6
 Summon Cactus Giant      Summ           44%        N/A       1%          6
 Monstrous Menagerie      Summ           44%        N/A       2%          7
 Summon Hydra             Summ           44%        N/A       2%          7
 Death Channel            Necr           37%        N/A       3%          6
 Alistair's Intoxication  Alch           32%        N/A       5%          5
 Silence                  Hex/Air        24%        N/A       5%          5
 Haunt                    Necr/Summ      41%        N/A       7%          7
 Eringya's Noxious Bog    Alch           24%        4d6       8%          6
 Chain Lightning          Conj/Air       61%        3d81      17%         9
 Malign Gateway           Summ/Tloc      36%        N/A       21%         7
 Summon Horrible Things   Summ           44%        N/A       21%         8
 Dispersal                Tloc           24%        N/A       28%         6
 Borgnjor's Revivificati  Necr           37%        N/A       75%         8
 Infestation              Necr           37%        N/A       75%         8
 Enfeeble                 Hex            24%        N/A       82%         7
 Maxwell's Capacitive Co  Air            24%        ∞         90%         8
 Dragon's Call            Summ           44%        N/A       95%         9
 Discord                  Hex            24%        N/A       100%        8
 Disjunction              Tloc           24%        N/A       100%        8
 Death's Door             Necr           37%        N/A       100%        9
 Sublimation of Blood     Necr           Unusable   N/A       N/A         2

Dungeon Overview and Level Annotations

Branches:
Dungeon (15/15)            Temple (1/1) D:6            Lair (5/5) D:8
  Swamp (4/4) Lair:2       Spider (4/4) Lair:3        Slime (5/5) Lair:4
    Orc (2/2) D:11            Elf (3/3) Orc:2        Vaults (5/5) D:14
  Crypt (3/3) Vaults:2       Tomb (3/3) Crypt:3      Depths (4/4) D:15
   Hell (visited)             Dis (7/7) Hell            Geh (7/7) Hell
    Coc (7/7) Hell            Tar (7/7) Hell            Zot (5/5) Depths:4
Volcano (visited)         Gauntlet (visited)

Altars:
Ashenzari
Cheibriados
Dithmenos
Elyvilon
Fedhas
Gozag
Hepliaklqana
Kikubaaqudgha
Makhleb
Nemelex Xobeh
Okawaru
Qazlal
Ru
Sif Muna
Trog
Uskayaw
Vehumet
Wu Jian
Xom
Yredelemnul
Zin
The Shining One
Lugonu

Shops:
D:5 [   D:13 =   Orc:1 :(   Orc:2 *[(:   Elf:1 [((!   Vaults:3 !   Vaults:5 =
Depths:4 ::=

Portals:
Hell: Depths:1 Depths:2 Depths:3 Depths:4
Abyss: Depths:3 Depths:4
Pandemonium: Depths:2

Annotations:
Lair:3 3 runed translucent doors, Deed's ghost, journeyman MiFi
Spider:4 1 runed translucent door, Hopman's ghost, adept HOFi


Innate Abilities, Weirdness & Mutations

You are an undying horror.
Your melee and unarmed attacks drain, slow and weaken victims.
You are immune to unholy pain and torment.
You cannot drink.
You are flying.
You are immune to sickness and miasma.
Your stone body is resilient. (AC +20)
You are immune to poison.
Your large and strong wings let you fly.
You resist negative energy. (rN+)
You are resistant to electric shocks. (rElec)
You are resistant to unholy torment.
You are immune to petrification.
You are partially covered in iridescent scales. (AC +2)
Your flesh is heat resistant. (rF+)


Message History

You block the seraph's attack.
BOUMMMMG!
You hear a shout!
The seraph gestures.
The seraph channels a blast of cleansing flame!
The golden flame engulfs the seraph.
The seraph completely resists.
The golden flame engulfs you!
You writhe in agony!
The seraph attacks as it pursues you!
The seraph hits you with a +6 great sword of flaming!!
The seraph burns you. You block the seraph's attack.
GONNNNG!
The seraph gestures.
The seraph begins to accept its allies' injuries.
The seraph shouts a warning to its allies!
The daeva calls down the wrath of the Shining One upon you.
The Shining One smites you!
The seraph gestures.
The seraph begins to accept its allies' injuries.
The daeva calls down the wrath of the Shining One upon you.
The Shining One smites you!
The seraph shouts a warning to its allies!
The daeva calls down the wrath of the Shining One upon you.
The Shining One smites you!
Casting: Polar Vortex (mildly dangerous; 1% risk of failure)
Confirm with . or Enter, or press ? or * to list all spells.
A great freezing vortex appears around you.
The seraph attacks as it pursues you! You block the seraph's attack.
SHROANNG!
You block the seraph's attack.
PANG!
The seraph shouts a warning to its allies! x2
The seraph gestures.
The seraph begins to accept its allies' injuries.
Unknown command.
The winds around you start to calm down.
A daeva breaks down the door.
The seraph gestures.
The seraph begins to accept its allies' injuries.
You are engulfed in whirling frost.
There is a staircase leading out of the dungeon here.
You have escaped!

▒·A······▒ ▒A··AA···▒
▒▒▒▒▒▒▒▒▒▒A▒▒·▒▒▒▒▒
▒··········▒▒·▒
▒·▒▒▒▒▒▒▒▒·▒▒·▒▒▒▒▒▒▒▒▒▒▒▒▒
▒·▒ ▒A▒▒·············▒ ▒▒▒▒·▒
▒▒▒▒▒A▒▒·▒▒▒▒▒▒▒▒▒▒▒·▒ ··▒▒·▒
▒·····▒▒▒▒ ▒·▒ ··▒▒▒▒
▒▒·····▒▒z▒ ▒·▒ ···▒▒
▒▒···▒▒·▒▒A▒ ▒·▒
▒···▒▒▒···▒▒▒A▒▒·▒ ▒·▒
▒▒···^···▒▒▒▒A▒▒A▒ ▒·▒
·▒▒··_··▒▒····▒▒·▒ ▒·▒
··▒▒···▒▒▒▒··▒▒··▒ ▒·▒
▒·▒▒···▒ ▒··▒▒··A▒▒▒ ▒·▒
▒·▒▒···▒ ▒·▒▒····'·▒▒▒▒▒▒▒▒▒)▒
▒··▒···▒▒▒A▒··⌠··▒···········▒


You could see a seraph, a daeva (sheltered) and an angel (summoned, sheltered).

Vanquished Creatures
  Cerebov (Pan)
  Antaeus (Coc:7)
  Asmodeus (Geh:7)
  the Royal Jelly (Slime:5)
  Mnoleg (Pan)
  Gloorx Vloq (Pan)
  Ereshkigal (Tar:7)
  Lom Lobon (Pan)
  the Serpent of Hell (Dis:7)
  2 orbs of fire
  Frederick (Crypt:2)
  Khufu (Crypt:2)
  8 dread liches
  9 ancient liches
  Mara (Swamp:4)
  Mennas (Pan)
  6 juggernauts
  33 pandemonium lords
  Sojobo (Vaults:4)
  Boris (twice) (Vaults:4 Depths:1)
  The ghost of Heot Zafel the Impregnable, a veteran MiGl of Hepliaklqana (Crypt:1)
  42 shard shrikes
  42 royal mummies
  10 Killer Klowns
  Saint Roka (Orc:2)
  A curse toe (Zig:9)
  23 caustic shrikes
  Nikola (Swamp:3)
  Geryon (Hell)
  Jory (Vaults:5)
  13 golden dragons
  20 profane servitors
  4 doom hounds
  12 bone dragons
  13 electric golems
  12 iron giants
  30 Brimstone Fiends
  22 hellephants
  The ghost of foobar1000 the Acrobat, a veteran SpHu of Okawaru (Vaults:3)
  22 Hell Sentinels
  18 tainted leviathans
  26 Tzitzimimeh
  A spectral shard shrike (Tar:1)
  Jorgrun (Orc:1)
  23 tentacled monstrosities
  36 Ice Fiends
  13 liches
  5 deep elf blademasters (Zig:17)
  Asterion (Depths:1)
  5 deep elf master archers
  40 titans
  26 Orb Guardians
  6 walking frostbound tomes
  8 death cobs
  39 searing wretches
  Gastronok (D:11)
  11 quicksilver dragons
  30 acid blobs
  26 Executioners
  13 sphinxes
  An eldritch tentacle (Pan)
  A thorn hunter (Zig:5)
  10 shadow dragons
  28 ancient champions
  6 tentacled starspawn (Abyss:4)
  10 tengu reavers
  6 revenants
  6 fenstrider witches
  Roxanne (Swamp:3)
  Donald (Swamp:1)
  30 storm dragons
  15 rockslimes
  25 narguns
  Aizul (Elf:1)
  2 fenstrider witches (shapeshifter) (Zig:23)
  13 quicksilver elementals
  16 protean progenitors
  17 azure jellies
  6 nagarajas
  16 draconian knights
  27 demonspawn warmongers
  11 deep elf sorcerers
  29 fire giants
  8 emperor scorpions
  10 draconian scorchers
  18 draconian monks
  An azure jelly (shapeshifter) (Zig:25)
  18 ghost moths
  3 deep elf elementalists (Elf:2)
  19 frost giants
  20 draconian shifters
  4 ghouls
  16 vault wardens
  11 iron dragons
  A spectral juggernaut (Tar:5)
  15 ironbound preservers
  An emperor scorpion (shapeshifter) (Zig:10)
  5 spectral caustic shrikes
  6 shard shrike simulacra
  An angel (Pan)
  A caustic shrike zombie (Tomb:1)
  65 balrugs
  25 demonspawn corrupters
  7 curse skulls
  13 quicksilver oozes
  44 reapers
  20 very ugly things
  31 cacodemons
  3 orc warlords
  A spriggan defender (Depths:2)
  23 draconian annihilators
  3 juggernaut skeletons (Pan)
  8 ironbound thunderhulks
  5 caustic shrike skeletons
  9 draconian stormcallers
  19 green draconians
  23 demonspawn blood saints
  7 formless jellyfish
  13 stone giants
  6 broodmothers
  15 vampire knights
  20 demonspawn black suns
  9 deep elf demonologists
  7 eleionomae
  A spectral titan (Tar:2)
  13 white draconians
  An ophan (Abyss:4)
  27 black draconians
  7 deep elf death magi
  A minotaur (Gauntlet)
  19 purple draconians
  17 lorocyprocas
  12 wendigos
  25 elemental wellsprings
  9 yellow draconians
  14 deep elf annihilators
  18 red draconians
  12 bennus
  28 dire elephants
  10 bunyips
  21 putrid mouths
  17 spark wasps
  18 war gargoyles
  A minotaur (shapeshifter) (Zig:10)
  Snorg (D:14)
  16 eidola
  14 ettins
  2 shapeshifters (Zig:6)
  An acid blob zombie (Crypt:2)
  25 green deaths
  8 fire dragons
  3 crystal guardians (Vaults:3)
  9 yaktaur captains
  34 blizzard demons
  9 jiangshi
  2 quicksilver dragon zombies
  10 shambling mangroves
  11 entropy weavers
  31 mummy priests
  17 iron golems
  9 merfolk javelineers
  6 merfolk impalers
  A spectral kraken (Tar:7)
  3 spectral spriggans
  An elf skeleton (Crypt:3)
  6 deep elf high priests
  14 great orbs of eyes
  4 ogre magi
  9 hell beasts
  Erolcha (Orc:1)
  11 ice dragons
  12 rakshasas
  34 vault guards
  32 hydras
  11 caustic shrike simulacra
  A great orb of eyes (shapeshifter) (Zig:23)
  8 peacekeepers
  6 juggernaut simulacra
  21 spriggan air magi
  6 catoblepae
  6 spriggan skeletons
  4 death knights
  A sphinx zombie (Zig:15)
  8 stokers
  19 salamander tyrants
  11 alligators
  2 jorogumos
  6 ghost crabs
  2 merfolk avatars (Zig:23)
  11 ironbound frosthearts
  An alligator snapping turtle (Zig:23)
  6 merfolk aquamancers
  4 anacondas
  51 dancing weapons
  A sphinx skeleton (Depths:2)
  6 two-headed ogres
  7 radroaches
  9 boulder beetles
  16 centaur warriors
  37 death scarabs
  Erica (D:9)
  8 death yaks
  37 hell hogs
  2 naga warriors
  12 vampire magi
  4 tengu warriors
  6 deep troll earth magi
  Urug (Lair:4)
  5 deep troll shamans
  5 orc high priests
  57 soul eaters
  4 thrashing horrors
  A titan zombie (Zig:21)
  11 shock serpents
  22 demonic crawlers
  A shock serpent (shapeshifter) (Zig:23)
  4 spriggan berserkers (Depths:2)
  2 naga sharpshooters (Zig:14)
  An occultist (Depths:2)
  12 hell knights
  4 hellephant skeletons (Pan)
  19 deep elf knights
  2 titan skeletons
  9 iron trolls
  12 wretched stars
  17 crystal echidnas
  69 sun demons
  14 pharaoh ants
  3 salamander mystics
  30 skeletal warriors
  29 shadow demons
  3 skysharks
  6 quicksilver dragon simulacra
  2 spark wasp zombies
  A cherub (Pan)
  A deep troll (shapeshifter) (Zig:23)
  21 sixfirhies
  5 shadow wraiths
  5 bunyip zombies
  2 death drakes
  A storm dragon skeleton (Zig:15)
  4 spatial maelstroms
  2 mana vipers (shapeshifter)
  2 glowing orange brains (shapeshifter)
  5 bog bodies
  11 spriggan druids
  9 orb spiders
  A spriggan simulacrum (Coc:7)
  2 spectral anacondas
  A mana viper (Zig:14)
  2 anaconda zombies
  A sun moth (shapeshifter) (Zig:8)
  A swamp dragon (shapeshifter) (Vaults:5)
  3 flayed ghosts
  6 glowing orange brains
  2 obsidian statues
  10 goliath frogs
  2 naga ritualists (Zig:5)
  4 arcanists
  48 deep trolls
  12 swamp dragons
  5 harpies
  4 orange crystal statues
  A bunyip skeleton (Crypt:3)
  A lindwurm (shapeshifter) (Vaults:5)
  4 sun moths
  24 deep elf archers
  9 sea snakes
  A tengu zombie (Zig:21)
  A fenstrider witch simulacrum (Coc:2)
  5 lindwurms
  20 phantasmal warriors
  A golden dragon skeleton (Zig:21)
  15 steelbarb worms
  25 ironbound convokers
  52 deep elf pyromancers
  27 necromancers
  A shadow dragon zombie (Zig:15)
  21 ugly things
  An iron dragon zombie (Crypt:3)
  A steelbarb worm (shapeshifter) (Zig:23)
  30 deep elf zephyrmancers
  6 orc knights
  A spectral ettin (Tar:4)
  10 shining eyes
  9 orc sorcerers
  A shadow dragon skeleton (Crypt:3)
  A glowing shapeshifter (Zig:23)
  A faun (shapeshifter) (Vaults:1)
  4 salamanders (Depths:2)
  10 manticores
  A spectral centaur (Tar:2)
  8 cyclopes
  37 wolf spiders
  A tengu skeleton (Depths:2)
  An oklob plant (Lair:4)
  A worldbinder (Abyss:4)
  A sphinx simulacrum (Depths:2)
  31 moths of wrath
  2 fire giant skeletons
  2 iron dragon skeletons (Zig:21)
  5 will-o-the-wisps
  2 naga zombies
  15 elephants
  47 large abominations
  7 centaur zombies
  4 kobold blastminers (Orc:2)
  2 dire elephant zombies
  A guardian serpent (Zig:5)
  7 merfolk sirens
  3 eyes of devastation
  10 ice statues
  14 torpor snails
  14 black mambas
  6 apocalypse crabs
  A cane toad (shapeshifter) (D:13)
  6 naga magi
  9 water nymphs
  8 molten gargoyles (Geh:7)
  8 rust devils
  An alligator snapping turtle zombie (Crypt:3)
  A frost giant skeleton (Depths:2)
  20 vault sentinels
  3 centaur skeletons
  68 smoke demons
  2 gargoyles (D:11)
  12 spectral swamp worms (Tar:7)
  3 water nymphs (shapeshifter)
  3 torpor snails (shapeshifter)
  30 cane toads
  2 titan simulacra
  2 human zombies
  23 orange demons
  A dire elephant skeleton (Abyss:4)
  A rime drake (shapeshifter) (Elf:3)
  A minotaur zombie (Crypt:3)
  A kobold demonologist (D:11)
  3 unseen horrors
  31 hellions
  2 bunyip simulacra
  15 freezing wraiths
  17 komodo dragons
  A yaktaur zombie (Vaults:4)
  4 rime drakes
  28 yaktaurs
  26 tormentors
  65 guardian mummies
  13 ice devils
  A golden dragon simulacrum (Coc:7)
  5 anaconda simulacra
  4 tengu conjurers
  A troll (shapeshifter) (Zig:17)
  9 ancient zymes
  10 efreet
  2 harpy zombies
  33 hellwings
  2 iron giant simulacra (Coc:7)
  4 red devils
  3 spectral harpies
  9 merfolk
  2 hydra zombies (Crypt:3)
  14 trolls
  5 bloated husks
  2 human skeletons
  8 polar bears
  2 queen bees
  A polar bear (shapeshifter) (D:13)
  A merfolk (shapeshifter) (Zig:23)
  4 wind drakes
  An ettin zombie (Crypt:3)
  11 tyrant leeches
  An alligator simulacrum (Hell)
  2 hydra skeletons
  26 tarantellas
  21 blink frogs
  An iron dragon simulacrum (Coc:2)
  14 raiju
  8 snapping turtles
  2 stone giant simulacra
  4 dream sheep
  12 glass eyes
  28 hornets
  5 spriggan zombies
  2 harpy skeletons
  A slime creature (shapeshifter) (Zig:10)
  31 jumping spiders
  A culicivora (shapeshifter) (Vaults:5)
  Sigmund (D:3)
  A centaur simulacrum (Hell)
  An ettin skeleton (Abyss:4)
  98 slime creatures
  31 ynoxinuls
  2 black mamba zombies
  14 air elementals
  21 culicivoras
  3 vampires
  4 wyverns
  2 naga simulacra
  37 ushabtiu
  A jumping spider (shapeshifter) (D:15)
  A wyvern (shapeshifter) (Zig:8)
  19 spriggans
  4 shadows
  10 fire elementals
  10 basilisks
  A fire bat (shapeshifter) (Zig:23)
  12 water elementals
  13 wraiths
  6 dire elephant simulacra
  19 vampire mosquitoes
  75 yaks
  54 starcursed masses
  6 wargs
  A redback (shapeshifter) (Zig:23)
  A basilisk (shapeshifter) (Zig:8)
  13 golden eyes
  45 redbacks
  3 steam dragons
  An alligator snapping turtle simulacrum (Coc:3)
  23 neqoxecs
  40 chaos spawn
  12 harpy simulacra
  A glowing shapeshifter zombie (Depths:2)
  4 nagas (Zig:14)
  3 small abominations (Abyss:4)
  6 spatial vortices
  15 swamp worms
  A swamp worm (shapeshifter) (Zig:23)
  An acid dragon (D:10)
  26 water moccasins
  A hydra simulacrum (Coc:6)
  26 hell hounds
  A demonspawn skeleton (Crypt:1)
  4 naga skeletons
  58 orc warriors
  10 swamp drakes
  6 ice beasts
  7 black bears
  41 laughing skulls
  An elephant zombie (Crypt:2)
  4 sky beasts
  3 ettin simulacra
  15 ogres
  A swamp dragon skeleton (Crypt:3)
  26 wolves
  A hog zombie (Crypt:1)
  16 centaurs
  A phantom (D:6)
  A weeping skull (Abyss:4)
  A kobold brigand (D:8)
  4 brain worms
  3 earth elementals
  A fire crab zombie (Crypt:2)
  2 gnoll sergeants
  13 bullfrogs
  A scorpion (D:7)
  6 wyvern skeletons (Crypt:3)
  9 wights
  27 killer bees
  A shapeshifter skeleton (Crypt:1)
  5 crimson imps (Abyss:4)
  7 howler monkeys
  A bullfrog zombie (Crypt:1)
  6 hounds
  29 orc priests
  A quasit (Abyss:4)
  A black bear zombie (Crypt:2)
  7 jellies
  6 sleepcaps
  A boggart zombie (D:13)
  Ijyb (D:5)
  6 iguanas
  18 orc wizards
  6 hell rats (Hell)
  2 killer bee zombies (D:8)
  2 boggart skeletons (Crypt:2)
  A deep dwarf skeleton (Crypt:2)
  68 mummies
  15 gnolls
  2 howler monkey skeletons
  9 adders
  A shadow imp (D:6)
  3 white imps (Abyss:4)
  4 ufetubi
  3 ribbon worms
  A dart slug (D:5)
  118 orcs
  2 ball pythons (D:4)
  13 endoplasms
  4 giant cockroaches
  A gnoll zombie (Crypt:2)
  5 goblins
  7 hobgoblins
  11 jackals
  5 quokkas
  3 training dummies (Orc:1)
  5 bats
  4 frilled lizards
  A gnoll skeleton (Crypt:1)
  14 kobolds
  A rat (D:2)
  26 aspiring fleshes
  5 ball lightnings
  8 creeping infernos
  68 fire vortices
  2 lurking horrors (Abyss:4)
  8 starspawn tentacles (Abyss:4)
5602 creatures vanquished.

Vanquished Creatures (collateral kills)
  5 pandemonium lords
  The ghost of paavali the Annihilator, a legendary GrEE of Vehumet (Zig:9)
  Dispater (Dis:7)
  2 juggernauts (Dis:7)
  8 royal mummies
  2 shard shrikes
  3 Killer Klowns
  Margery (Depths:2)
  Bai Suzhen (Spider:3)
  The ghost of jlumianski the Warrior, a veteran KoBe of Trog (Vaults:3)
  The ghost of Diacedd the Wrestler, a veteran BaSh of Trog (Elf:1)
  3 bone dragons
  3 golden dragons
  3 iron giants
  3 Brimstone Fiends (Pan)
  5 Tzitzimimeh
  A spectral shard shrike (Tar:4)
  2 tentacled monstrosities
  A hellephant (Zig:17)
  2 tainted leviathans
  9 Hell Sentinels
  A quicksilver dragon (Depths:4)
  Mlioglotl (Swamp:3)
  3 deep elf blademasters
  8 titans
  A searing wretch (Zig:11)
  A walking frostbound tome (Zig:20)
  4 acid blobs (Slime:5)
  A sphinx (Vaults:4)
  11 Executioners (Pan)
  5 ancient champions
  A thorn hunter (Swamp:4)
  5 storm dragons
  A tengu reaver (Vaults:4)
  A protean progenitor (Zot:3)
  A shadow dragon (Zot:1)
  A demonspawn warmonger (Pan)
  An azure jelly (Slime:5)
  2 rockslimes
  A deep elf sorcerer (Elf:3)
  An iron dragon (Vaults:4)
  A balrug (Pan)
  A draconian shifter (Zig:20)
  A frost giant (shapeshifter) (Zig:23)
  A deep elf elementalist (Elf:3)
  3 emperor scorpions
  A ghost moth (Spider:4)
  4 vault wardens
  2 cacodemons (Pan)
  A frost giant (Zig:20)
  3 spectral caustic shrikes (Depths:1)
  11 reapers
  2 formless jellyfish (Zig:18)
  An orc warlord (Orc:1)
  9 ironbound preservers
  A juggernaut skeleton (Pan)
  An ironbound thunderhulk (Vaults:2)
  An elemental wellspring (Coc:5)
  3 stone giants
  4 demonspawn blood saints (Pan)
  2 caustic shrike skeletons (Pan)
  4 very ugly things
  2 deep elf demonologists (Elf:3)
  4 green draconians
  A formless jellyfish (shapeshifter) (Zig:23)
  2 putrid mouths
  A deep elf death mage (Elf:3)
  3 black draconians
  4 deep elf annihilators
  4 war gargoyles
  3 demonspawn black suns (Pan)
  A wendigo (Coc:2)
  A spark wasp (Zig:22)
  2 eidola
  A white draconian (Zig:12)
  A red draconian (Zot:1)
  4 dire elephants
  3 green deaths
  4 iron golems
  4 blizzard demons (Pan)
  3 ettins (Vaults:5)
  A merfolk impaler (Zig:23)
  A merfolk javelineer (Zig:23)
  An entropy weaver (Vaults:1)
  2 shambling mangroves
  A quicksilver dragon zombie (Crypt:3)
  4 yaktaur captains
  A spectral spriggan (Tar:3)
  2 deep elf high priests
  3 hydras (Swamp:4)
  An ice dragon (Depths:3)
  2 rakshasas
  2 great orbs of eyes
  9 vault guards
  A hell beast (Pan)
  A sphinx zombie (Zig:15)
  A centaur warrior (Vaults:1)
  An alligator snapping turtle (Zig:23)
  A merfolk aquamancer (Zig:23)
  3 ironbound frosthearts
  A radroach (Spider:4)
  8 dancing weapons
  3 alligators (Swamp:1)
  An alligator snapping turtle (shapeshifter) (Zig:23)
  A naga warrior (Zig:14)
  A deep troll shaman (Depths:3)
  2 demonic crawlers
  A spectral dire elephant (Tar:4)
  24 sun demons (Pan)
  2 spriggans
  3 deep elf knights
  7 soul eaters (Pan)
  A skeletal warrior (Crypt:1)
  2 sixfirhies (Pan)
  A hellephant skeleton (Pan)
  A salamander mystic (Depths:2)
  A crystal echidna (Dis:7)
  2 iron trolls (Depths:1)
  A pharaoh ant (Spider:3)
  An orb spider (Zig:15)
  2 shadow demons (Pan)
  3 goliath frogs
  A bog body (Swamp:1)
  2 swamp dragons (Swamp:4)
  2 steelbarb worms
  9 deep trolls
  A tengu zombie (Zig:15)
  A death drake (Depths:4)
  4 arcanists
  A phantasmal warrior (Crypt:3)
  A lindwurm (Vaults:2)
  3 sun moths (Pan)
  A deep elf archer (Elf:1)
  A spriggan simulacrum (Coc:4)
  6 large abominations (Pan)
  A wolf spider (Spider:4)
  2 ironbound convokers (Vaults:2)
  5 necromancers
  3 deep elf zephyrmancers
  6 deep elf pyromancers
  A stone giant zombie (Crypt:3)
  A shining eye (Zig:23)
  A salamander (Depths:2)
  A moth of wrath (Zot:3)
  A will-o-the-wisp (Swamp:2)
  A spectral alligator snapping turtle (Tar:3)
  4 black mambas (Swamp:1)
  A rust devil (Pan)
  4 vault sentinels
  A water nymph (Zig:23)
  A yaktaur zombie (Vaults:2)
  5 orange demons
  7 smoke demons (Pan)
  5 yaktaurs
  2 hellions
  3 guardian mummies
  3 ice devils
  2 efreet (Pan)
  A spectral harpy (Tar:2)
  2 tormentors (Pan)
  A human skeleton (Vaults:4)
  3 red devils (Pan)
  7 hellwings
  5 hornets
  A tarantella (shapeshifter) (Vaults:5)
  2 tyrant leeches
  A glass eye (Depths:2)
  2 raiju (Zig:19)
  2 snapping turtles
  4 tarantellas
  2 slime creatures
  4 air elementals
  2 jumping spiders
  2 culicivoras
  A wraith (Crypt:3)
  2 ynoxinuls (Pan)
  A fire elemental (Elf:1)
  2 water elementals
  2 ushabtiu (Tomb:3)
  2 redbacks (Spider:4)
  A warg (Orc:1)
  A golden eye (Slime:5)
  2 neqoxecs
  2 harpy simulacra
  A chaos spawn (Pan)
  An elf simulacrum (Vaults:4)
  A swamp worm (Swamp:2)
  A hydra simulacrum (Coc:1)
  A water moccasin (Swamp:1)
  2 orc warriors (Orc:1)
  2 swamp drakes (Swamp:4)
  An ogre (Orc:1)
  An ettin simulacrum (Coc:1)
  A weeping skull (Abyss:4)
  A brain worm (shapeshifter) (Zig:23)
  An earth elemental (Swamp:3)
  2 hell rats
  20 mummies
  4 orcs (Orc:1)
  A bombardier beetle zombie (Crypt:1)
  An aspiring flesh (Zig:23)
  2 fire vortices (Zig:9)
516 creatures vanquished.

Vanquished Creatures (others)
  A Killer Klown (Zig:8)
  A Brimstone Fiend (Zig:22)
  An Ice Fiend (Zig:22)
  A tentacled monstrosity (Zig:10)
  An Executioner (Pan)
  An azure jelly (shapeshifter) (Zig:25)
  A fenstrider witch (shapeshifter) (Zig:25)
  A protean progenitor (Zig:25)
  A balrug (Zig:25)
  2 very ugly things
  A stone giant (Depths:3)
  A stone giant (shapeshifter) (Zig:25)
  A demonspawn corrupter (Zig:22)
  An eleionoma (shapeshifter) (Zig:25)
  A war gargoyle (Dis:7)
  A lorocyproca (Zig:22)
  A shambling mangrove (Zig:10)
  A hydra (Zig:10)
  2 alligators (Swamp:3)
  A caustic shrike simulacrum (Hell)
  A juggernaut simulacrum (Hell)
  An anaconda (Zig:25)
  A shadow demon (Pan)
  A swamp dragon (Swamp:3)
  3 large abominations (Pan)
  A water nymph (shapeshifter) (Zig:25)
  A smoke demon (Pan)
  An apocalypse crab (Zig:25)
  2 hellions
  A hornet (Zig:10)
  2 bloated husks
  A hellwing (Pan)
  A tarantella (shapeshifter) (Zig:25)
  A water elemental (Zig:17)
  A neqoxec (Pan)
  A chaos spawn (Zig:25)
  2 vampire mosquitoes (Zig:19)
  A swamp drake (Swamp:3)
  4 ball lightnings
  A creeping inferno (Geh:7)
  2448 fire vortices
  4 foxfires
  8 starspawn tentacles (Abyss:4)
2510 creatures vanquished.

Grand Total: 8628 creatures vanquished

Notes
Turn   | Place    | Note
-------+----------+-------------------------------------------
     0 | D:1      | paavali the Gargoyle Earth Elementalist began the quest for
                  | the Orb.
     0 | D:1      | Reached XP level 1. HP: 10/10 MP: 3/3
    58 | D:1      | Reached XP level 2. HP: 12/15 MP: 0/5
   188 | D:1      | Found a faded altar of an unknown god.
   344 | D:1      | Reached XP level 3. HP: 18/19 MP: 1/6
  1569 | D:2      | Reached XP level 4. HP: 24/24 MP: 6/8
  1968 | D:2      | Found a hide-covered altar of Uskayaw.
  2245 | D:3      | Found an iron altar of Okawaru.
  2283 | D:3      | Learned a level 3 spell: Stone Arrow
  2412 | D:3      | Reached XP level 5. HP: 12/28 MP: 0/9
  2811 | D:3      | Noticed Sigmund
  2820 | D:3      | Killed Sigmund
  2821 | D:3      | Reached skill level 5 in Earth Magic
  2821 | D:3      | Reached XP level 6. HP: 25/32 MP: 6/11
  3126 | D:4      | Noticed a sky beast
  3375 | D:4      | Reached XP level 7. HP: 33/36 MP: 9/13
  4050 | D:5      | Entered Level 5 of the Dungeon
  4063 | D:5      | Reached skill level 1 in Fighting
  4063 | D:5      | Reached skill level 5 in Conjurations
  4164 | D:5      | Reached XP level 8. HP: 44/44 MP: 9/15
  4221 | D:5      | Reached skill level 5 in Spellcasting
  4328 | D:5      | Found Diunnebud's Armour Emporium.
  4642 | D:5      | Noticed Ijyb
  4733 | D:5      | Killed Ijyb
  4925 | D:5      | Found a hazy altar of Hepliaklqana.
  5140 | D:6      | Noticed a two-headed ogre
  5313 | D:6      | Reached XP level 9. HP: 52/52 MP: 10/17
  5458 | D:6      | Identified the +10 ring mail of the Orb {Will+ rCorr}
  5466 | D:6      | Reached skill level 1 in Shields
  5866 | D:6      | Found a shimmering altar of Xom.
  5867 | D:6      | Found a shimmering altar of Xom.
  5876 | D:6      | Found a shimmering altar of Xom.
  5927 | D:6      | Found a shimmering altar of Xom.
  6046 | D:6      | Found a staircase to the Ecumenical Temple.
  6052 | Temple   | Entered the Ecumenical Temple
  6064 | Temple   | Became a worshipper of Vehumet
  6250 | D:6      | Reached skill level 5 in Fighting
  6344 | D:6      | Killed a two-headed ogre
  6527 | D:6      | Found a stormy altar of Qazlal.
  6708 | D:6      | Learned a level 4 spell: Flame Wave
  6723 | D:7      | Reached XP level 10. HP: 43/60 MP: 10/20
  7342 | D:7      | Found a glowing silver altar of Zin.
  7358 | D:7      | Found a broken altar of Ashenzari.
  7634 | D:7      | Reached skill level 1 in Fire Magic
  8246 | D:8      | Reached * piety under Vehumet
  8246 | D:8      | Offered knowledge of Freeze by Vehumet.
  8323 | D:8      | Found a staircase to the Lair.
  8372 | D:8      | Found a burning altar of Makhleb.
  8854 | D:8      | Reached skill level 10 in Earth Magic
  9393 | D:8      | Found a basalt altar of Yredelemnul.
  9437 | D:9      | Noticed Erica
  9502 | D:9      | Identified the +4 leather armour of Inference {Dex+3
                  | Slay+3}
  9673 | D:9      | Killed Erica
  9674 | D:9      | Reached XP level 11. HP: 67/67 MP: 18/22
 10074 | D:9      | Reached ** piety under Vehumet
 10077 | D:9      | Offered knowledge of Scorch by Vehumet.
 10586 | D:10     | Entered Level 10 of the Dungeon
 10913 | D:10     | Identified the +5 hand axe "Jellyslayer" {venom, Int+4
                  | SInv}
 11086 | D:10     | Found a portal to a secret trove of treasure.
 11802 | D:11     | Noticed a manticore
 11812 | D:11     | Killed a manticore
 11813 | D:11     | Noticed a manticore
 11874 | D:11     | Killed a manticore
 11918 | D:11     | Noticed a cyclops
 11935 | D:11     | Noticed a six-headed hydra
 11938 | D:11     | Killed a cyclops
 11939 | D:11     | Reached skill level 5 in Fire Magic
 11943 | D:11     | Killed a six-headed hydra
 11958 | D:11     | Noticed a skeletal warrior
 12227 | Lair:1   | Entered Level 1 of the Lair of Beasts
 12297 | Lair:1   | Found a gate leading to a gauntlet.
 12304 | Gauntlet | Entered a Gauntlet
 12304 | Gauntlet | Found a transporter.
 12304 | Gauntlet | Found a transporter.
 12304 | Gauntlet | Found a transporter.
 12304 | Gauntlet | Found a transporter.
 12308 | Gauntlet | Found a transporter.
 12311 | Gauntlet | Noticed a sixfirhy
 12311 | Gauntlet | Noticed a sixfirhy
 12315 | Gauntlet | Noticed a sixfirhy
 12321 | Gauntlet | Found a transporter.
 12322 | Gauntlet | Found a transporter.
 12334 | Gauntlet | Noticed a sixfirhy
 12346 | Gauntlet | Found a transporter.
 12350 | Gauntlet | Found a large runed translucent door.
 12351 | Gauntlet | Found a large runed translucent door.
 12352 | Gauntlet | Found a large runed translucent door.
 12352 | Gauntlet | Found a large runed translucent door.
 12353 | Gauntlet | Found a runed translucent gate.
 12353 | Gauntlet | Noticed a necromancer
 12354 | Gauntlet | Found a transporter.
 12354 | Gauntlet | Found a runed translucent gate.
 12355 | Gauntlet | Found a runed translucent gate.
 12356 | Gauntlet | Found a large runed translucent door.
 12356 | Gauntlet | Found a large runed translucent door.
 12357 | Gauntlet | Found a large runed translucent door.
 12358 | Gauntlet | Found a large runed translucent door.
 12367 | Gauntlet | Found a large runed translucent door.
 12367 | Gauntlet | Found a large runed translucent door.
 12367 | Gauntlet | Found a runed translucent door.
 12367 | Gauntlet | Found a runed translucent door.
 12368 | Gauntlet | Found a large runed translucent door.
 12369 | Gauntlet | Found a large runed translucent door.
 12371 | Gauntlet | Found a transporter.
 12379 | Gauntlet | Found a transporter.
 12391 | Gauntlet | Noticed a necromancer
 12398 | Gauntlet | Found a transporter.
 12508 | Gauntlet | Identified the amulet "Myvaexau" {Faith -Tele ^Fragile
                  | rElec rC++}
 12528 | Gauntlet | Noticed a large abomination
 12592 | Gauntlet | Killed a necromancer
 12593 | Gauntlet | Reached skill level 10 in Conjurations
 12599 | Gauntlet | Reached XP level 12. HP: 47/75 MP: 3/24
 12603 | Gauntlet | Offered knowledge of Momentum Strike by Vehumet.
 12748 | Gauntlet | Found a large runed translucent door.
 12749 | Gauntlet | Found a large runed translucent door.
 12765 | Gauntlet | Found a large runed translucent door.
 12765 | Gauntlet | Found a large runed translucent door.
 12919 | Gauntlet | Reached *** piety under Vehumet
 13065 | Gauntlet | Noticed a minotaur
 13082 | Gauntlet | Killed a minotaur
 13119 | Gauntlet | Found the amulet of Vitality {RegenMP++ Regen++}
 13201 | Gauntlet | Identified the +1 rapier of the Mauling Gods {heavy, Dex+3
                  | Stlth+}
 13202 | Gauntlet | Got the Elucidation of the Charnel House
 13204 | Gauntlet | Got the Information on Oromancy
 13236 | Lair:1   | Found a stormy altar of Qazlal.
 13572 | Lair:1   | Offered knowledge of Iskenderun's Mystic Blast by Vehumet.
 13590 | Lair:1   | Noticed a catoblepas
 13758 | Lair:1   | Killed a catoblepas
 13777 | Lair:1   | Reached **** piety under Vehumet
 14007 | Lair:1   | Offered knowledge of Irradiate by Vehumet.
 14250 | Lair:2   | Noticed a boulder beetle
 14284 | Lair:2   | Noticed an eight-headed hydra
 14299 | Lair:2   | Reached skill level 10 in Fighting
 14303 | Lair:2   | Killed an eight-headed hydra
 14304 | Lair:2   | Reached XP level 13. HP: 61/82 MP: 26/26
 14351 | Lair:2   | Found an ornate altar of the Wu Jian Council.
 14351 | Lair:2   | Found a hide-covered altar of Uskayaw.
 14584 | Lair:2   | Reached skill level 10 in Spellcasting
 14665 | Lair:2   | Found a staircase to the Swamp.
 15222 | Lair:3   | Reached ***** piety under Vehumet
 15224 | Lair:3   | Offered knowledge of Iskenderun's Battlesphere by Vehumet.
 15377 | Lair:3   | Found a runed translucent gate.
 15377 | Lair:3   | Found a runed translucent gate.
 15378 | Lair:3   | Found a runed translucent gate.
 15378 | Lair:3   | Noticed Deed's ghost (journeyman MiFi)
 15439 | Lair:2   | Learned a level 5 spell: Borgnjor's Vile Clutch
 15567 | Lair:2   | Reached skill level 1 in Necromancy
 16109 | Lair:3   | Found a hole to the Spider Nest.
 16379 | Lair:4   | Found a staircase to the Slime Pits.
 16394 | Lair:4   | Gained mutation: Your large and strong wings let you fly.
                  | [Gargoyle growth]
 16394 | Lair:4   | Reached XP level 14. HP: 83/88 MP: 23/28
 16427 | Lair:4   | Found a dark tunnel.
 16438 | Volcano  | Entered a volcano
 16463 | Volcano  | Offered knowledge of Ignite Poison by Vehumet.
 17175 | Lair:4   | Noticed Urug
 17182 | Lair:4   | Killed Urug
 17559 | Lair:5   | Entered Level 5 of the Lair of Beasts
 17868 | Lair:5   | Reached skill level 10 in Fire Magic
 18080 | Lair:5   | Reached skill level 15 in Earth Magic
 18303 | Lair:5   | Reached XP level 15. HP: 85/92 MP: 25/30
 18322 | Lair:5   | Offered knowledge of Spellforged Servitor by Vehumet.
 18447 | Lair:5   | Reached skill level 5 in Necromancy
 19188 | D:11     | Found a staircase to the Orcish Mines.
 19376 | D:11     | Identified the +2 pair of gloves of the Hanged Man {*Slow
                  | rPois rC++}
 20061 | D:11     | Learned a level 7 spell: Spellforged Servitor
 20371 | D:12     | Reached skill level 1 in Summonings
 20777 | D:13     | Identified the scarf "Plog" {+Inv, rElec rC+ Regen+ Str+2}
 21009 | D:13     | You are sucked into a shaft and drop 2 floors!
 21009 | D:15     | Entered Level 15 of the Dungeon
 21065 | D:14     | Identified the +9 scimitar of Peimutao {freeze, *Rage rElec
                  | Str+7}
 21119 | D:14     | Reached ****** piety under Vehumet
 21396 | D:13     | Offered knowledge of Conjure Ball Lightning by Vehumet.
 21404 | D:13     | Found Ceinoppa's Jewellery Shoppe.
 21456 | D:13     | Reached XP level 16. HP: 97/97 MP: 28/32
 21661 | D:13     | Learned a level 8 spell: Lehudib's Crystal Spear
 22199 | D:14     | Reached skill level 15 in Conjurations
 22319 | D:14     | Found a gate to the Vaults.
 22420 | D:14     | Noticed Snorg
 22429 | D:14     | Killed Snorg
 22748 | D:15     | Found an ornate altar of the Wu Jian Council.
 22835 | D:15     | Found a staircase to the Depths.
 23352 | Spider:1 | Entered Level 1 of the Spider Nest
 23401 | Spider:1 | Reached skill level 5 in Summonings
 23459 | Spider:1 | Offered knowledge of Bombard by Vehumet.
 23588 | Spider:1 | Learned a level 6 spell: Bombard
 24645 | Spider:2 | Reached XP level 17. HP: 102/102 MP: 34/34
 24723 | Spider:2 | Offered knowledge of Fireball by Vehumet.
 24728 | Spider:2 | Learned a level 3 spell: Passwall
 24734 | Spider:2 | Learned a level 5 spell: Fireball
 25536 | Spider:2 | HP: 2/102 [ghost moth (5)]
 25850 | Spider:3 | Identified the +0 chain mail of Uleut {Int+5}
 25864 | Spider:3 | Noticed Bai Suzhen
 25872 | Spider:3 | Killed Bai Suzhen
 26092 | Spider:3 | Offered knowledge of Ignition by Vehumet.
 26132 | Spider:2 | Learned a level 8 spell: Ignition
 26346 | Spider:4 | Entered Level 4 of the Spider Nest
 26458 | Spider:4 | Found a runed translucent door.
 26458 | Spider:4 | Noticed Hopman's ghost (adept HOFi)
 27179 | Spider:4 | Reached XP level 18. HP: 107/107 MP: 36/36
 27703 | Spider:4 | Got a gossamer rune of Zot
 28146 | Orc:1    | Entered Level 1 of the Orcish Mines
 28146 | Orc:1    | Noticed Gastronok
 28154 | D:11     | Killed Gastronok
 28372 | Orc:2    | Entered Level 2 of the Orcish Mines
 28431 | Orc:2    | Offered knowledge of Fire Storm by Vehumet.
 28431 | Orc:2    | Offered knowledge of Shatter by Vehumet.
 28431 | Orc:2    | Offered knowledge of Chain Lightning by Vehumet.
 28563 | Orc:1    | Noticed Jorgrun
 28563 | Orc:1    | Found Kottoyri's Book Emporium.
 28657 | Orc:1    | Killed Jorgrun
 28751 | Orc:1    | Noticed Erolcha
 28756 | Orc:1    | Killed Erolcha
 28915 | Orc:1    | Found Plog's Firing Range.
 29230 | Orc:2    | Found Areihua's Armour Emporium.
 29241 | Orc:2    | Found Xuiheoda's General Store.
 29441 | Orc:2    | Reached skill level 15 in Spellcasting
 29629 | Orc:2    | Noticed Saint Roka
 29656 | Orc:2    | Killed Saint Roka
 29792 | Orc:2    | Found Vuvifu's Book Shoppe.
 29860 | Orc:2    | Found Hiotseom's Antique Weapon Emporium.
 30147 | Orc:2    | Identified the -2 helmet of Good Intentions {rElec Str+6}
 30235 | Orc:2    | Found a staircase to the Elven Halls.
 30764 | Elf:1    | Entered Level 1 of the Elven Halls
 30908 | Elf:1    | Paralysed by an air elemental for 1 turns
 30915 | Elf:1    | Paralysed by an air elemental for 1 turns
 30921 | Elf:1    | Paralysed by an air elemental for 1 turns
 31093 | Elf:1    | Found Amnuqu Taym's Antique Weapon Shop.
 31126 | Elf:1    | Identified the serpent talisman of Sepeyfus {Str+5 Stlth+}
 31126 | Elf:1    | Noticed Aizul
 31130 | Elf:1    | Killed Aizul
 31392 | Elf:1    | Found Eboolua's Antique Armour Shop.
 31398 | Elf:1    | Found Iczaim's Weapon Shoppe.
 31468 | Elf:1    | Reached skill level 10 in Summonings
 31518 | Elf:1    | Identified the +7 orcbow of Duty {flame, Int+4}
 31596 | Elf:1    | Found a runed translucent door.
 31599 | Elf:1    | Noticed Diacedd's ghost (veteran BaSh)
 31677 | Elf:1    | Found Buereoc's Distillery.
 31685 | Elf:1    | Bought a potion of cancellation for 120 gold pieces
 31685 | Elf:1    | Bought a potion of heal wounds for 75 gold pieces
 31685 | Elf:1    | Bought a potion of heal wounds for 75 gold pieces
 31852 | Elf:1    | Killed Diacedd's ghost
 31853 | Elf:1    | Reached XP level 19. HP: 90/112 MP: 6/38
 32330 | Elf:2    | Found a runed translucent gate.
 32330 | Elf:2    | Found a runed translucent gate.
 32330 | Elf:2    | Found a runed translucent gate.
 33523 | Elf:3    | Entered Level 3 of the Elven Halls
 33754 | Elf:3    | Paralysed by an air elemental for 1 turns
 34196 | Elf:3    | Reached XP level 20. HP: 109/117 MP: 37/40
 34503 | Elf:3    | Identified the +3 flail of Myotoarah {venom, *Noise rPois
                  | Int+7}
 34503 | Elf:3    | Identified the ring "Ylijur" {rN+ SInv}
 34680 | Elf:3    | Identified the +10 hand axe of the Heavens {holy, Str+4}
 34875 | Elf:3    | Got the Codex of Breath and Freezing
 34991 | Elf:3    | Identified the amulet "Qawnul" {Faith +Inv Dex+3}
 35328 | Swamp:1  | Entered Level 1 of the Swamp
 35641 | Swamp:1  | Found a basalt altar of Yredelemnul.
 36098 | Swamp:2  | Noticed Donald
 36106 | Swamp:1  | Killed Donald
 36723 | Swamp:3  | Noticed Mlioglotl
 36729 | Swamp:3  | Killed Mlioglotl
 36735 | Swamp:3  | Noticed Nikola
 36795 | Swamp:3  | Killed Nikola
 36887 | Swamp:3  | Noticed Roxanne
 36896 | Swamp:3  | Killed Roxanne
 37133 | Swamp:3  | Identified the +4 leather armour of Inference {rElec rF+
                  | rN+}
 37236 | Swamp:4  | Entered Level 4 of the Swamp
 37486 | Swamp:4  | Identified a scroll of acquirement
 37576 | Swamp:4  | Reached XP level 21. HP: 68/122 MP: 28/42
 37731 | Swamp:4  | Noticed Mara
 37737 | Swamp:4  | Killed Mara
 38014 | D:10     | Acquired the Compendium of the Morgue and Convocation
 38466 | Swamp:4  | Got a decaying rune of Zot
 38989 | Vaults:1 | Entered Level 1 of the Vaults
 40879 | Vaults:2 | Reached XP level 22. HP: 127/127 MP: 38/43
 41060 | Vaults:2 | You are sucked into a shaft and drop 2 floors!
 41218 | Vaults:4 | Reached skill level 15 in Fire Magic
 41486 | Vaults:4 | Noticed Boris
 41520 | Vaults:4 | HP: 5/127 [Boris/iron shot (62)]
 41523 | Vaults:4 | Killed Boris
 41675 | Vaults:4 | Learned a level 9 spell: Shatter
 41685 | Vaults:4 | Learned a level 9 spell: Fire Storm
 41883 | Vaults:4 | Noticed Sojobo
 41889 | Vaults:4 | Killed Sojobo
 42007 | Vaults:4 | Identified the +0 ring mail of Conscience {Rampage *Slow
                  | Regen+ Int+9}
 42399 | Vaults:3 | Found a large runed translucent door.
 42399 | Vaults:3 | Noticed foobar1000's ghost (veteran SpHu)
 42399 | Vaults:3 | Noticed jlumianski's ghost (veteran KoBe)
 42400 | Vaults:3 | Found a large runed translucent door.
 42634 | Vaults:3 | Found Giocirph's Distillery.
 42642 | Vaults:3 | Bought a potion of heal wounds for 90 gold pieces
 42642 | Vaults:3 | Bought a potion of curing for 54 gold pieces
 42642 | Vaults:3 | Bought a potion of heal wounds for 90 gold pieces
 42642 | Vaults:3 | Bought a potion of resistance for 180 gold pieces
 43284 | Vaults:3 | Reached XP level 23. HP: 132/132 MP: 37/45
 43409 | Vaults:3 | Identified the +3 trident of Goacza Hakh {protect, rC++ rN+
                  | Will+ Str+3}
 43969 | Vaults:3 | Killed foobar1000's ghost
 44015 | Vaults:3 | Killed jlumianski's ghost
 45047 | Vaults:2 | Found a staircase to the Crypt.
 45241 | Vaults:5 | Entered Level 5 of the Vaults
 45322 | Vaults:5 | Noticed a dread lich
 45424 | Vaults:5 | Killed a dread lich
 45517 | Vaults:5 | Noticed an ancient lich
 45642 | Vaults:5 | Noticed Jory
 45649 | Vaults:5 | Killed Jory
 45658 | Vaults:5 | Identified the +5 short sword of Tumult {antimagic, Will+
                  | Dex+3}
 45913 | Vaults:5 | Reached XP level 24. HP: 132/137 MP: 26/46
 46079 | Vaults:5 | Identified the +2 rapier of Disembowelment {flame, rPois
                  | Int-3 Dex+4}
 46105 | Vaults:5 | Killed an ancient lich
 46159 | Vaults:5 | Identified the +1 short sword "Yrruttor" {drain, Fly rN++
                  | Dex+3}
 46411 | Vaults:5 | Got a silver rune of Zot
 46491 | Vaults:5 | Found Coigri's Jewellery Boutique.
 47241 | Depths:1 | Entered Level 1 of the Depths
 47338 | Depths:1 | Found a gateway to Hell.
 47345 | Depths:1 | Noticed Boris
 47347 | Depths:1 | Noticed Asterion
 47375 | Depths:1 | Killed Boris
 47385 | Depths:1 | Killed Asterion
 47658 | Depths:1 | Found a shadowy altar of Dithmenos.
 48045 | Depths:1 | Found a one-way gateway to a ziggurat.
 48238 | Depths:1 | Acquired Ereshkigal's Catalogue of Striking
 48432 | Depths:2 | Noticed Margery
 48439 | Depths:2 | Killed Margery
 48442 | Depths:2 | Reached skill level 5 in Shields
 48513 | Depths:2 | Found a one-way gate leading to the halls of Pandemonium.
 49133 | Orc:2    | Bought a potion of heal wounds for 70 gold pieces
 49133 | Orc:2    | Bought a scroll of enchant weapon for 105 gold pieces
 49347 | Depths:2 | Identified the ring of Iwioll {Fire Will++}
 49413 | Depths:2 | Reached XP level 25. HP: 144/144 MP: 33/47
 49496 | Depths:2 | Found an ornate altar of the Wu Jian Council.
 49526 | Depths:2 | Identified the ring "Atynyc" {Will+ Str+3}
 49919 | D:10     | You paid a toll of a +6 demon trident to enter a treasure
                  | trove
 49920 | Trove    | Entered a treasure trove
 49930 | Trove    | Identified the +0 pair of gloves of Zobreck {Fly}
 49931 | Trove    | Identified the +0 pair of gloves "Kari" {rC++ Dex+2}
 49944 | Trove    | Identified the +1 robe of Integrity {rCorr Dex+6}
 49946 | Trove    | Identified the +1 helmet "Lusuw" {Str+4 Int+3}
 49949 | Trove    | Identified the +4 leather armour "Ackohene" {+Inv Regen+}
 49951 | Trove    | Identified the +0 pair of boots "Yhiugu" {Harm Str+2}
 49953 | Trove    | Identified the +0 robe of Erruofem {rN+ Slay+3 SInv}
 49955 | Trove    | Identified the +3 leather armour "Woigedok" {rPois rF- rC+}
 49957 | Trove    | Identified the +5 ring mail of Esomool {*Corrode Regen+
                  | Int+2}
 49961 | Trove    | Identified the +0 robe "Sido" {Rampage Dex+4 Stlth-}
 50250 | Depths:2 | Found the ring of the Octopus King {rF+ HP+2 AC+2 EV+2
                  | SH+2}
 50291 | Depths:2 | Found a transporter.
 50332 | Depths:2 | Found a shadowy altar of Dithmenos.
 50400 | Depths:2 | Found a glowing silver altar of Zin.
 50419 | Depths:2 | Found a transporter.
 51004 | Depths:3 | Found a corrupted altar of Lugonu.
 51004 | Depths:3 | Found a one-way gate to the infinite horrors of the Abyss.
 51270 | Depths:3 | Found an opulent altar of Gozag.
 51332 | Depths:4 | Entered Level 4 of the Depths
 51459 | Depths:4 | Found the necklace of Bloodlust {Fury *Rage Will++ Int-3
                  | Slay+6}
 51521 | Depths:4 | Found Zounn's Jewellery Boutique.
 51521 | Depths:4 | Found Dyapiduf's Book Emporium.
 51522 | Depths:4 | Found Ymits's Book Emporium.
 51528 | Depths:4 | Bought a manual of Fighting for 1840 gold pieces
 52264 | Depths:4 | Reached XP level 26. HP: 156/156 MP: 47/47
 52663 | Depths:4 | Found a gate to the Realm of Zot.
 52678 | Depths:4 | Identified the +0 scale mail of a volcano {rN+ Will+ Str+2}
 52876 | Zig:1    | Entered Level 1 of a ziggurat
 52877 | Zig:1    | Noticed a Killer Klown
 52881 | Zig:1    | Killed a Killer Klown
 52913 | Zig:2    | Entered Level 2 of a ziggurat
 52937 | Zig:3    | Entered Level 3 of a ziggurat
 52966 | Zig:4    | Entered Level 4 of a ziggurat
 52976 | Zig:4    | Reached skill level 1 in Shapeshifting
 53014 | Zig:4    | Acquired 895 gold pieces
 53018 | Zig:5    | Entered Level 5 of a ziggurat
 53134 | Zig:5    | Identified the +0 robe of Death Resistance {rN+ rCorr
                  | Str-3}
 53147 | Zig:6    | Entered Level 6 of a ziggurat
 53182 | Zig:6    | Identified the +11 great sword "Xom's Bemusement"
                  | {antimagic, *Corrode ^Fragile Str+8 SInv}
 53188 | Zig:6    | Got the Folio of Evil and Embers
 53212 | Zig:7    | Entered Level 7 of a ziggurat
 53222 | Zig:7    | Reached skill level 10 in Shields
 53253 | Zig:8    | Entered Level 8 of a ziggurat
 53258 | Zig:8    | Noticed a Killer Klown
 53260 | Zig:8    | Killed a Killer Klown
 53261 | Zig:8    | Noticed a Killer Klown
 53261 | Zig:8    | Noticed Exoits the pandemonium lord
 53263 | Zig:8    | Killed a Killer Klown
 53264 | Zig:8    | Killed Exoits the pandemonium lord
 53281 | Zig:8    | Identified the +10 plate armour "Pefezofi" {rElec}
 53303 | Zig:9    | Entered Level 9 of a ziggurat
 53344 | Zig:10   | Entered Level 10 of a ziggurat
 53354 | Zig:10   | Reached skill level 15 in Fighting
 53372 | Zig:10   | Identified the staff "Stringbean" {rF+ rN+ Str+4 Necro}
 53385 | Zig:10   | Identified the ring "Ifolicogho" {rC+ Will- Int+4 Slay+6
                  | SInv}
 53398 | Zig:11   | Entered Level 11 of a ziggurat
 53482 | Zig:11   | Reached XP level 27. HP: 171/171 MP: 48/48
 53493 | Zig:12   | Entered Level 12 of a ziggurat
 53532 | Zig:12   | Identified the +1 great mace of Sharkskin {freeze, rPois
                  | rCorr Int-3 SInv}
 53545 | Zig:12   | Identified the +8 rapier "Syocliw" {vamp, Str+2}
 53551 | Zig:13   | Entered Level 13 of a ziggurat
 53590 | Zig:13   | Identified the ring of Inkaty {rElec Str+2 Slay+4}
 53612 | Zig:13   | Acquired the ring "Saskas" {rC+ Str+6 Int+3 SInv Stlth+}
 53620 | Zig:14   | Entered Level 14 of a ziggurat
 53676 | Zig:14   | Found the +16 obsidian axe {drain, demonic, Mesm ^Drain Fly
                  | SInv}
 53739 | Zig:15   | Entered Level 15 of a ziggurat
 53760 | Zig:15   | Reached skill level 5 in Shapeshifting
 53846 | Zig:15   | Identified the staff of Guile {rF++ Str-5 Conj}
 53850 | Zig:15   | Identified the +10 orcbow "Ganetulog" {drain, ^Drain rElec
                  | rF+++ Int-3 SInv}
 53858 | Zig:15   | Identified the ring "Xaf Xib" {^Drain Will+ Int+5}
 53884 | Zig:16   | Entered Level 16 of a ziggurat
 53958 | Zig:16   | Identified the amulet "Zucweih" {Faith rF++ Regen+ Str-3
                  | SInv}
 53972 | Zig:17   | Entered Level 17 of a ziggurat
 53982 | Zig:17   | Paralysed by an air elemental for 1 turns
 54006 | Zig:17   | Identified the +6 scale mail "Itehaep" {Int+6 Dex-4}
 54011 | Zig:17   | Identified the +0 pair of boots "Buvvoxt" {rN+}
 54015 | Zig:17   | Identified the +7 glaive of the Caustic God {antimagic, rC+
                  | rCorr Str+4}
 54025 | Zig:17   | Identified the amulet "Lach" {Faith +Inv MP-9 Dex+4}
 54030 | Zig:17   | Identified the ring "Buun Haf" {rC+ Will+}
 54044 | Zig:18   | Entered Level 18 of a ziggurat
 54060 | Zig:18   | Noticed an ancient lich
 54064 | Zig:18   | Killed an ancient lich
 54167 | Zig:18   | Identified the +1 leather armour of Tartarus {rF+ rCorr}
 54175 | Zig:19   | Entered Level 19 of a ziggurat
 54210 | Zig:19   | Identified the amulet "Rofaf" {Regen+ Int+3 Dex+3 SInv}
 54235 | Zig:19   | Identified the +5 trident "Honei" {drain, +Blink SInv}
 54240 | Zig:20   | Entered Level 20 of a ziggurat
 54300 | Zig:20   | Identified the staff of Cukeurcho {+Blink Dex+2 Conj}
 54311 | Zig:20   | Identified the +2 ring mail of Zyomma {Fly rC+ Slay+3}
 54376 | Zig:21   | Entered Level 21 of a ziggurat
 54387 | Zig:21   | Noticed Foetorgh the pandemonium lord
 54392 | Zig:21   | Killed Foetorgh the pandemonium lord
 54488 | Zig:21   | Identified the +1 rapier "Eleumm" {flame, rElec Will+
                  | Str+4}
 54501 | Zig:21   | Identified the +7 longbow "Qapievick" {heavy, Str+3 Dex+2}
 54507 | Zig:21   | Identified the +4 morningstar of Reukil {pain, rF- Str+4}
 54513 | Zig:21   | Identified the +1 flail of the Lost Wishes {venom, rF+ rN+
                  | Will- Stlth+}
 54523 | Zig:21   | Identified the +1 arbalest "Tiuq" {elec, rElec Dex+2}
 54525 | Zig:21   | Identified the +10 shortbow "Ehadiex" {flame, rF++ Str-5}
 54530 | Zig:21   | Identified the +6 battleaxe of Ignis, Rescuing {pain, Int-3
                  | Dex+7}
 54571 | Zig:22   | Entered Level 22 of a ziggurat
 54582 | Zig:22   | Reached skill level 10 in Shapeshifting
 54583 | Zig:22   | Paralysed by an air elemental for 1 turns
 54615 | Zig:22   | Found the +18 shield of the Gong {Loud rN+ Will+ rCorr
                  | EV-5}
 54645 | Zig:22   | Identified the maw talisman "Xozaopunt" {Will+}
 54658 | Zig:22   | Identified the +6 mace of Huliet {vamp, rC+}
 54697 | Zig:23   | Entered Level 23 of a ziggurat
 54703 | Zig:23   | Noticed Kulup the pandemonium lord
 54704 | Zig:23   | Noticed Abrej the pandemonium lord
 54704 | Zig:23   | Noticed Kyquv the pandemonium lord
 54707 | Zig:23   | Killed Abrej the pandemonium lord
 54707 | Zig:23   | Noticed Usatzuatz the pandemonium lord
 54709 | Zig:23   | Noticed Mytiemav the pandemonium lord
 54709 | Zig:23   | Killed Kyquv the pandemonium lord
 54709 | Zig:23   | Killed Kulup the pandemonium lord
 54709 | Zig:23   | Noticed Vaatuf the pandemonium lord
 54709 | Zig:23   | Noticed Xosob the pandemonium lord
 54709 | Zig:23   | Noticed Nih Xouttafe the pandemonium lord
 54711 | Zig:23   | Noticed Akuhic the pandemonium lord
 54713 | Zig:23   | Killed Xosob the pandemonium lord
 54714 | Zig:23   | Killed Akuhic the pandemonium lord
 54714 | Zig:23   | Noticed Uroim the pandemonium lord
 54714 | Zig:23   | Noticed Razips the pandemonium lord
 54715 | Zig:23   | Noticed Boex the pandemonium lord
 54719 | Zig:23   | Killed Vaatuf the pandemonium lord
 54738 | Zig:23   | Killed Boex the pandemonium lord
 54742 | Zig:23   | Found the +10 morningstar "Eos" {elec, Halo rElec}
 54756 | Zig:23   | Killed Nih Xouttafe the pandemonium lord
 54788 | Abyss:4  | Cast into level 4 of the Abyss (Uroim)
 54939 | Abyss:4  | Found a corrupted altar of Lugonu.
 54966 | Zig:23   | Escaped the Abyss
 54992 | Zig:23   | Identified the +1 robe "Buorer" {rC- rN+ rCorr Int+3}
 55215 | Crypt:1  | Entered Level 1 of the Crypt
 55591 | Crypt:1  | Found a large runed translucent door.
 55591 | Crypt:1  | Found a large runed translucent door.
 55767 | Crypt:1  | Noticed Heot Zafel's ghost (veteran MiGl)
 55965 | Crypt:1  | Killed Heot Zafel's ghost
 56219 | Crypt:2  | Identified the orb of Subjectivity {light, rC++ Will+
                  | Slay-3 Stlth+}
 56219 | Crypt:2  | Noticed Frederick
 56222 | Crypt:2  | Killed Frederick
 56361 | Crypt:2  | Reached skill level 27 in Conjurations
 56491 | Crypt:2  | Noticed a royal mummy
 56493 | Crypt:2  | Killed a royal mummy
 56494 | Crypt:2  | Killed a royal mummy
 56494 | Crypt:2  | Noticed Khufu
 56496 | Crypt:2  | Killed Khufu
 57017 | Crypt:3  | Entered Level 3 of the Crypt
 57685 | Crypt:3  | Noticed a royal mummy
 57687 | Crypt:3  | Killed a royal mummy
 57756 | Crypt:3  | Found a staircase to the Tomb.
 58053 | Crypt:3  | Found an ancient bone altar of Kikubaaqudgha.
 58168 | Crypt:3  | Got Puttuas's Treatise on Sinister Deeds
 58192 | Crypt:3  | Noticed a dread lich
 58196 | Crypt:3  | Killed a dread lich
 58215 | Crypt:3  | Got Evitop's Tome of Wanderlust and Amathomancy
 58963 | Zot:1    | Entered Level 1 of the Realm of Zot
 59265 | Zot:1    | Noticed an orb of fire
 59276 | Zot:1    | Gained mutation: You occasionally lose the ability to read
                  | scrolls when taking damage. [an orb of fire]
 59278 | Zot:1    | Killed an orb of fire
 60228 | Zot:2    | Reached skill level 15 in Shields
 60827 | Zot:3    | Identified the +1 ring mail "Hielueh" {rN++ Slay+6}
 62606 | Zot:5    | Entered Level 5 of the Realm of Zot
 62891 | Zot:5    | Noticed a dread lich
 62894 | Zot:5    | Killed a dread lich
 62925 | Zot:5    | Noticed an orb of fire
 62929 | Zot:5    | Gained mutation: Your health recovers twice as slowly from
                  | being drained. [an orb of fire]
 62931 | Zot:5    | Killed an orb of fire
 62992 | Zot:5    | Noticed an ancient lich
 62995 | Zot:5    | Killed an ancient lich
 63715 | Tomb:1   | Entered Level 1 of the Tomb of the Ancients
 64111 | Tomb:1   | Noticed a royal mummy
 64114 | Tomb:1   | Killed a royal mummy
 64121 | Tomb:1   | Noticed a royal mummy
 64121 | Tomb:1   | Noticed a royal mummy
 64121 | Tomb:1   | Noticed a royal mummy
 64163 | Tomb:1   | Killed a royal mummy
 64166 | Tomb:1   | Noticed a royal mummy
 64167 | Tomb:1   | Noticed a royal mummy
 64168 | Tomb:1   | Killed a royal mummy
 64169 | Tomb:1   | Killed a royal mummy
 64172 | Tomb:1   | Killed a royal mummy
 64209 | Tomb:1   | Noticed a royal mummy
 64211 | Tomb:1   | Killed a royal mummy
 64245 | Tomb:1   | Noticed a royal mummy
 64247 | Tomb:1   | Killed a royal mummy
 64259 | Tomb:1   | Killed a royal mummy
 64308 | Tomb:1   | Noticed a royal mummy
 64309 | Tomb:1   | Killed a royal mummy
 64353 | Tomb:1   | Noticed a royal mummy
 64355 | Tomb:1   | Killed a royal mummy
 64420 | Tomb:1   | Noticed a royal mummy
 64425 | Tomb:1   | Killed a royal mummy
 64654 | Tomb:1   | Noticed a royal mummy
 64657 | Tomb:1   | Killed a royal mummy
 64665 | Tomb:1   | Noticed a royal mummy
 64668 | Tomb:1   | Killed a royal mummy
 64671 | Tomb:1   | Noticed a royal mummy
 64673 | Tomb:1   | Killed a royal mummy
 64673 | Tomb:1   | Noticed a royal mummy
 64675 | Tomb:1   | Killed a royal mummy
 64711 | Tomb:1   | Noticed a royal mummy
 64714 | Tomb:1   | Killed a royal mummy
 64757 | Tomb:1   | Noticed a royal mummy
 64760 | Tomb:1   | Killed a royal mummy
 64803 | Tomb:1   | Noticed a royal mummy
 64806 | Tomb:1   | Killed a royal mummy
 64869 | Tomb:1   | Noticed a royal mummy
 64873 | Tomb:1   | Killed a royal mummy
 64917 | Tomb:1   | Noticed a royal mummy
 64919 | Tomb:1   | Killed a royal mummy
 65132 | Tomb:1   | Got Uski Qet's Compilation of the Countless Artisans
 65165 | Tomb:2   | Noticed a royal mummy
 65166 | Tomb:2   | Noticed a royal mummy
 65166 | Tomb:2   | Noticed a royal mummy
 65166 | Tomb:2   | Noticed a royal mummy
 65170 | Tomb:2   | Killed a royal mummy
 65172 | Tomb:2   | Killed a royal mummy
 65172 | Tomb:2   | Killed a royal mummy
 65173 | Tomb:2   | Killed a royal mummy
 65996 | Tomb:3   | Entered Level 3 of the Tomb of the Ancients
 66041 | Tomb:3   | Noticed a royal mummy
 66043 | Tomb:3   | Killed a royal mummy
 66053 | Tomb:3   | Noticed a royal mummy
 66054 | Tomb:3   | Killed a royal mummy
 66056 | Tomb:3   | Killed a royal mummy
 66059 | Tomb:3   | Noticed a royal mummy
 66059 | Tomb:3   | Killed a royal mummy
 66062 | Tomb:3   | Noticed a royal mummy
 66064 | Tomb:3   | Killed a royal mummy
 66071 | Tomb:3   | Noticed a royal mummy
 66073 | Tomb:3   | Killed a royal mummy
 66079 | Tomb:3   | Noticed a royal mummy
 66080 | Tomb:3   | Killed a royal mummy
 66083 | Tomb:3   | Noticed a royal mummy
 66086 | Tomb:3   | Killed a royal mummy
 66097 | Tomb:3   | Noticed a royal mummy
 66127 | Tomb:3   | Killed a royal mummy
 66148 | Tomb:3   | Identified the +0 spear of the Painted God {speed, rF+
                  | Str+3}
 66343 | Tomb:3   | Found the +8 demon blade "Leech" {evervamp, Harm ^Drain
                  | rN+}
 66378 | Tomb:3   | Identified the +1 robe of Tiyragrua {rF+ Will+ Regen+}
 66383 | Tomb:3   | Identified the +2 robe "Wyob" {Harm rF- Str+4}
 66384 | Tomb:3   | Identified the +7 sling of Demonkind {heavy, rF+ rC+ Dex+2}
 66388 | Tomb:3   | Identified the +1 short sword of Lulaxtotz {venom, Fly
                  | rElec Will+}
 66464 | Tomb:3   | Got a golden rune of Zot
 66672 | Tomb:1   | Noticed a royal mummy
 66675 | Tomb:1   | Killed a royal mummy
 66994 | Depths:1 | Learned a level 9 spell: Polar Vortex
 66996 | Zig:1    | Entered Level 1 of a ziggurat
 67028 | Zig:2    | Entered Level 2 of a ziggurat
 67031 | Zig:2    | Noticed an ancient lich
 67033 | Zig:2    | Killed an ancient lich
 67034 | Zig:2    | Reached skill level 15 in Shapeshifting
 67066 | Zig:3    | Entered Level 3 of a ziggurat
 67086 | Zig:3    | Identified the ring "Sumudisa" {rPois Str+5 Int+3}
 67091 | Zig:3    | Identified the +9 war axe of Kuassaw {flame, rElec rCorr}
 67094 | Zig:4    | Entered Level 4 of a ziggurat
 67100 | Zig:4    | Noticed a royal mummy
 67102 | Zig:4    | Killed a royal mummy
 67118 | Zig:4    | Identified the +1 glaive of Righteous Fury {flame, Int+5}
 67123 | Zig:5    | Entered Level 5 of a ziggurat
 67146 | Zig:5    | Identified the +2 plate armour of Simeni Erurch {rElec}
 67151 | Zig:6    | Entered Level 6 of a ziggurat
 67158 | Zig:6    | Noticed Syinysho the pandemonium lord
 67170 | Zig:6    | Killed Syinysho the pandemonium lord
 67171 | Zig:6    | Reached skill level 27 in Fighting
 67226 | Zig:6    | Identified the +0 plate armour of Morality {*Corrode Str+4
                  | Dex+2 Slay+2}
 67236 | Zig:7    | Entered Level 7 of a ziggurat
 67367 | Zig:8    | Entered Level 8 of a ziggurat
 67388 | Zig:8    | Identified the +0 pair of boots of Xirchemo {+Inv rElec
                  | Dex+3}
 67393 | Zig:8    | Identified the ring "Ockox" {Fly rPois rF+}
 67410 | Zig:9    | Entered Level 9 of a ziggurat
 67421 | Zig:9    | Noticed paavali's ghost (legendary GrEE)
 67437 | Zig:9    | Killed paavali's ghost
 67473 | Zig:9    | Reached skill level 5 in Ice Magic
 67501 | Zig:10   | Entered Level 10 of a ziggurat
 67508 | Zig:10   | Found the +5 demon whip "Spellbinder" {antimagic, disrupt,
                  | Will+}
 67509 | Zig:10   | Noticed Kitemi the pandemonium lord
 67511 | Zig:10   | Killed Kitemi the pandemonium lord
 67513 | Zig:10   | Killed Wevocw the pandemonium lord
 67536 | Zig:10   | Identified the staff of a volcano {rElec rF- Int+3 Stlth+
                  | Air}
 67544 | Zig:11   | Entered Level 11 of a ziggurat
 67597 | Zig:11   | Identified the ring "Qulef" {+Blink rN+ MP+9 Slay+2}
 67606 | Zig:12   | Entered Level 12 of a ziggurat
 67634 | Zig:12   | Found the +3 pair of seven-league boots {Rampage+∞}
 67646 | Zig:12   | Identified the staff of Sif Muna's Approval {*Slow +Blink
                  | rC+ Str+2 Dex+10 Ice}
 67649 | Zig:12   | Identified the +6 flail "Gaixzann" {flame, Str+6 Int+3}
 67662 | Zig:13   | Entered Level 13 of a ziggurat
 67667 | Zig:13   | Noticed an ancient lich
 67670 | Zig:13   | Killed a dread lich
 67671 | Zig:13   | Reached skill level 27 in Fire Magic
 67672 | Zig:13   | Killed an ancient lich
 67722 | Zig:13   | Identified the +0 cloak of Buink {Will++ rCorr Dex-5}
 67724 | Zig:13   | Identified the +5 battleaxe of the Nurturing Gods {drain,
                  | rF+ Str+5}
 67732 | Zig:14   | Entered Level 14 of a ziggurat
 67772 | Zig:14   | Identified the ring "Wioza" {rPois rN+}
 67776 | Zig:14   | Identified the +1 whip "Diyrghod" {heavy, rN+ Dex+3 SInv}
 67784 | Zig:14   | Identified the +3 rapier "Fasedghethri" {flame, ^Fragile
                  | rElec Will+++ Int-5}
 67815 | Zig:15   | Entered Level 15 of a ziggurat
 67819 | Zig:15   | Noticed a royal mummy
 67822 | Zig:15   | Killed a royal mummy
 67828 | Zig:15   | Noticed a royal mummy
 67830 | Zig:15   | Killed a royal mummy
 67831 | Zig:15   | Noticed a royal mummy
 67832 | Zig:15   | Noticed a royal mummy
 67833 | Zig:15   | Killed a royal mummy
 67835 | Zig:15   | Killed a royal mummy
 67903 | Zig:15   | Identified the staff "Yterus" {rC+ rN+ rCorr Necro}
 67909 | Zig:15   | Identified the ring "Vuin" {Wiz Will++}
 67923 | Zig:15   | Identified the +0 ring mail "Cetutz" {Rampage ^Drain rC+
                  | Str+5}
 67963 | Zig:16   | Entered Level 16 of a ziggurat
 68013 | Zig:16   | Found the +5 scythe "Finisher" {speed, execute}
 68027 | Zig:16   | Identified the staff of the Genius {rF- rC+ Str+4 Stlth+
                  | Ice}
 68044 | Zig:16   | Identified the +6 orcbow of Wimaumm {speed, rN+ MP+9 Str-2}
 68050 | Zig:17   | Entered Level 17 of a ziggurat
 68068 | Zig:17   | Reached skill level 27 in Spellcasting
 68096 | Zig:17   | Identified the +5 scale mail "Xahu" {+Blink rCorr Int+3}
 68131 | Zig:18   | Entered Level 18 of a ziggurat
 68203 | Zig:18   | Identified the +6 flail of Xuych {speed, rC++ rN++ Dex-2}
 68207 | Zig:18   | Identified the +7 scimitar of Doom {holy, Fly Str-4 Int+2
                  | Dex+6}
 68215 | Zig:18   | Identified the +8 hand axe "Gargoyle's Foe" {antimagic,
                  | rPois rF+ rN++ Int+3}
 68220 | Zig:19   | Entered Level 19 of a ziggurat
 68262 | Zig:19   | Got the Directory of Anathema
 68266 | Zig:19   | Identified the ring "Duotatib" {Wiz rF+ rN+ Will+}
 68274 | Zig:19   | Identified the ring of Qovypyddynk {rF+ rCorr Str+3}
 68282 | Zig:19   | Identified the +4 scale mail "Dolucwat" {rPois rC- rCorr
                  | Str-4 Int+5}
 68283 | Zig:19   | Identified the +0 ring mail of the Pink Corner {Harm rF+
                  | rCorr}
 68328 | Zig:20   | Entered Level 20 of a ziggurat
 68379 | Zig:20   | Identified the amulet of Xadaj {rC+ rN+ Regen+ Str-5}
 68385 | Zig:20   | Identified the +10 hand axe "Furushai" {holy, rElec rN+
                  | Dex+2}
 68386 | Zig:20   | Identified the +5 war axe of Classification {heavy,
                  | ^Fragile rElec Dex+3 SInv}
 68392 | Zig:20   | Identified the +0 plate armour of Death Resistance {rC+
                  | Int+2}
 68422 | Zig:21   | Entered Level 21 of a ziggurat
 68436 | Zig:21   | Noticed a royal mummy
 68438 | Zig:21   | Noticed a royal mummy
 68438 | Zig:21   | Noticed a royal mummy
 68439 | Zig:21   | Killed a royal mummy
 68439 | Zig:21   | Noticed a royal mummy
 68439 | Zig:21   | Noticed a royal mummy
 68440 | Zig:21   | Noticed a royal mummy
 68441 | Zig:21   | Killed a royal mummy
 68441 | Zig:21   | Killed a royal mummy
 68447 | Zig:21   | Noticed a royal mummy
 68447 | Zig:21   | Noticed a royal mummy
 68448 | Zig:21   | Killed a royal mummy
 68451 | Zig:21   | Killed a royal mummy
 68451 | Zig:21   | Killed a royal mummy
 68453 | Zig:21   | Killed a royal mummy
 68458 | Zig:21   | Killed a royal mummy
 68501 | Zig:21   | Found the +7 great mace "Firestarter" {flame, immolate,
                  | rFlCloud rF++}
 68507 | Zig:21   | Identified the +0 robe of Cafoik {Str+5 Int-5}
 68509 | Zig:21   | Identified the death talisman "Cielowk" {Int+4}
 68516 | Zig:21   | Identified the +7 sling of Laeff {drain, Will+}
 68521 | Zig:21   | Identified the ring of Kulics {Str+2 SInv}
 68529 | Zig:21   | Identified the +6 triple sword of Mastery {speed, rC+}
 68549 | Zig:22   | Entered Level 22 of a ziggurat
 68566 | Zig:22   | Noticed Ynwafo Uxig the pandemonium lord
 68570 | Zig:22   | Killed Ynwafo Uxig the pandemonium lord
 68636 | Zig:22   | Identified the ring "Apnireub" {rN+ Stlth+}
 68643 | Zig:22   | Identified the ring "Ujica" {rN+ Str+3}
 68662 | Zig:22   | Identified the +6 short sword of the Vulture {elec, rN+
                  | Will+ Int+2}
 68663 | Zig:22   | Identified the +1 scale mail of Hetiercho {Dex+3}
 68669 | Zig:22   | Identified the +6 mace "Neats" {pain, Dex+2}
 68704 | Zig:23   | Entered Level 23 of a ziggurat
 68763 | Zig:23   | Found the +7 Spriggan's Knife {stab, EV+4 Stlth+}
 68763 | Zig:23   | Found the +3 greatsling "Punk" {acid, rCorr}
 68768 | Zig:23   | Found the +8 orange crystal plate armour {Archmagi, Int+3
                  | Clar}
 68771 | Zig:23   | Identified the staff of the Blowfly {rElec rCorr Int-2 Air
                  | Earth}
 68793 | Zig:23   | Identified the ring of Yra Vevo {rCorr Str+6}
 68804 | Zig:23   | Identified the +3 morningstar of the Walnut {speed, rElec
                  | rC+++ rN+ Int-2}
 68852 | Zig:24   | Entered Level 24 of a ziggurat
 68870 | Zig:24   | Noticed a dread lich
 68873 | Zig:24   | Killed a dread lich
 68875 | Zig:24   | Killed an ancient lich
 68878 | Zig:24   | Noticed a dread lich
 68879 | Zig:24   | Killed a dread lich
 68917 | Zig:24   | Identified the +5 flail of the Candle {venom, rC+}
 68923 | Zig:24   | Identified the +0 broad axe of Beos {freeze, +Blink rPois
                  | rF+ Will-}
 68933 | Zig:24   | Identified the +0 plate armour of Nosahadin {Int+7 Stlth-}
 68936 | Zig:24   | Identified the staff "Xakoceuq" {rPois rC+ Dex+2 Alchemy}
 68937 | Zig:24   | Identified the +8 longbow "Qaeniudo" {heavy, rC- Dex+5}
 68944 | Zig:24   | Identified the +8 whip of Xeummil {vamp, Str-3 Dex+3
                  | Stlth+}
 68947 | Zig:24   | Identified the +0 chain mail of Bexeudoaca {Regen+ Stlth+}
 68948 | Zig:24   | Identified the staff of Yniynor {rElec rC+ Dex+2 Conj Tloc}
 68954 | Zig:24   | Identified the +2 scimitar of Ru's Righteous Anger {freeze,
                  | rC+}
 68994 | Zig:24   | Acquired 1275 gold pieces
 69011 | Zig:25   | Entered Level 25 of a ziggurat
 69018 | Zig:25   | Noticed Qufaor the pandemonium lord
 69019 | Zig:25   | Noticed Ejoap the pandemonium lord
 69021 | Zig:25   | Noticed Akhlann the pandemonium lord
 69022 | Zig:25   | Noticed Sego the pandemonium lord
 69023 | Zig:25   | Noticed Tem Saxy the pandemonium lord
 69023 | Zig:25   | Noticed Notos the pandemonium lord
 69024 | Zig:25   | Killed Ejoap the pandemonium lord
 69025 | Zig:25   | Killed Akhlann the pandemonium lord
 69026 | Zig:25   | Killed Sego the pandemonium lord
 69027 | Zig:25   | Noticed Yfataef the pandemonium lord
 69028 | Zig:25   | Noticed Cetreas the pandemonium lord
 69028 | Zig:25   | Noticed Badom the pandemonium lord
 69028 | Zig:25   | Noticed Nasuad the pandemonium lord
 69028 | Zig:25   | Noticed Azufritupp the pandemonium lord
 69031 | Zig:25   | Killed Nasuad the pandemonium lord
 69031 | Zig:25   | Killed Tem Saxy the pandemonium lord
 69031 | Zig:25   | Noticed Patty the pandemonium lord
 69031 | Zig:25   | Noticed Vim Ozea the pandemonium lord
 69031 | Zig:25   | Noticed Heemelonn the pandemonium lord
 69031 | Zig:25   | Noticed Yralal the pandemonium lord
 69031 | Zig:25   | Noticed Pireppag the pandemonium lord
 69031 | Zig:25   | Noticed Zies the pandemonium lord
 69032 | Zig:25   | Killed Azufritupp the pandemonium lord
 69034 | Zig:25   | Identified the ring of Creativity {rElec rPois rF+++ MP+9
                  | Int-2}
 69067 | Depths:1 | Lost mutation: Your health recovers twice as slowly from
                  | being drained. [potion of mutation]
 69067 | Depths:1 | Lost mutation: You occasionally lose the ability to read
                  | scrolls when taking damage. [potion of mutation]
 69067 | Depths:1 | Gained mutation: You are partially covered in iridescent
                  | scales. (AC +2) [potion of mutation]
 69067 | Depths:1 | Gained mutation: Your flesh is heat resistant. (rF+)
                  | [potion of mutation]
 69357 | Slime:1  | Entered Level 1 of the Pits of Slime
 69360 | Slime:1  | Reached skill level 1 in Armour
 70372 | Slime:4  | Reached skill level 5 in Armour
 70374 | Slime:5  | Entered Level 5 of the Pits of Slime
 70723 | Slime:5  | Noticed the Royal Jelly
 70725 | Slime:5  | Killed the Royal Jelly
 70726 | Slime:5  | Reached skill level 10 in Ice Magic
 70920 | Slime:5  | Identified the +0 chain mail of Janal {rPois rF+ rC- Dex+2}
 70925 | Slime:5  | Got a slimy rune of Zot
 70928 | Slime:5  | Identified the +0 chain mail of Laseh {-Tele +Inv Str+6
                  | Dex+3}
 70933 | Slime:5  | Identified the +6 arbalest of Mandamus {elec, Int+2}
 70955 | Slime:5  | Identified the +2 great sword "Vauj" {freeze, rElec Will+
                  | Dex+4}
 70986 | Slime:5  | Identified the +0 leather armour "Jyekhlu" {rElec rN+
                  | Dex+2}
 70996 | Slime:5  | Identified the staff of Res Ipsa Loquitur {rC+ Dex-5 Stlth+
                  | Necro Ice Alchemy}
 71008 | Slime:5  | Found the +8 pair of quick blades "Gyre" and "Gimble"
                  | {protect}
 71989 | Pan      | Entered Pandemonium
 72076 | Pan      | Noticed Nawyn the pandemonium lord
 72082 | Pan      | Killed Nawyn the pandemonium lord
 72083 | Pan      | Reached skill level 5 in Dodging
 72107 | Pan      | Identified the ring of the Singing Saviour {^Drain rC+
                  | Str+3 Slay+3}
 72111 | Pan      | Identified the ring of Niech {rPois Will++ EV+5}
 72128 | Pan      | Entered the realm of Cerebov.
 72357 | Pan      | Identified the +2 ring mail "Jitz" {rC+ Int-5 Dex+4}
 72418 | Pan      | Found the +6 sword of Cerebov {flame}
 72418 | Pan      | Noticed Cerebov
 73068 | Pan      | Reached skill level 10 in Armour
 73227 | Pan      | Killed Cerebov
 73265 | Pan      | Identified the +7 great mace of Ceruxon {speed, Stlth+}
 73265 | Pan      | Identified the amulet of the Establishment {Faith rPois
                  | Str+3}
 73289 | Pan      | Identified the +0 plate armour "Qatuif" {rF++ rC- Will+
                  | Int+3}
 73302 | Pan      | Identified the ring "Vappel" {Fly rN+}
 73312 | Pan      | Identified the staff of Fekhluitu {^Fragile Dex+3 SInv
                  | Conj}
 73329 | Pan      | Identified the +3 mace of Deahenn {vamp, rPois}
 73375 | Pan      | Identified the +1 shortbow of the Lusting Gods {freeze,
                  | *Corrode Str+5}
 73409 | Pan      | Identified the +5 longbow of Evolution {antimagic, rPois
                  | rF+ Str-4 SInv}
 73473 | Pan      | Got a fiery rune of Zot
 73751 | Pan      | Noticed Edghalen the pandemonium lord
 73753 | Pan      | Killed Edghalen the pandemonium lord
 74303 | Pan      | Noticed Vilag the pandemonium lord
 74310 | Pan      | Killed Vilag the pandemonium lord
 74628 | Pan      | Reached skill level 15 in Ice Magic
 74954 | Pan      | Identified the +4 shortbow "Yvva Ywe" {heavy, rC- rN+++
                  | Int+3 Dex-2}
 75400 | Pan      | Found an exit through the horrors of the Abyss.
 75765 | Pan      | Noticed Izinex the pandemonium lord
 75768 | Pan      | Killed Izinex the pandemonium lord
 75870 | Pan      | Noticed Kezxiv the pandemonium lord
 75885 | Pan      | Killed Kezxiv the pandemonium lord
 76078 | Pan      | Identified the +2 barding of Qazlal's Supremacy {MP+9
                  | Dex+5}
 76392 | Pan      | Entered the realm of Mnoleg.
 76393 | Pan      | Noticed Mnoleg
 76406 | Pan      | Killed Mnoleg
 76516 | Pan      | Got a glowing rune of Zot
 77363 | Pan      | Found an exit through the horrors of the Abyss.
 77994 | Pan      | Noticed Futilite the pandemonium lord
 77996 | Pan      | Killed Futilite the pandemonium lord
 78011 | Pan      | Entered the realm of Lom Lobon.
 78106 | Pan      | Noticed Lom Lobon
 78156 | Pan      | Noticed Mennas
 78159 | Pan      | Killed Mennas
 78448 | Pan      | Found an exit through the horrors of the Abyss.
 78854 | Pan      | Killed Lom Lobon
 78900 | Pan      | Got a magical rune of Zot
 79140 | Pan      | Noticed Gyzaodo the pandemonium lord
 79145 | Pan      | Killed Gyzaodo the pandemonium lord
 79426 | Pan      | Noticed Gewkit the pandemonium lord
 79437 | Pan      | Killed Gewkit the pandemonium lord
 79687 | Pan      | Entered the realm of Gloorx Vloq.
 80289 | Pan      | Noticed Gloorx Vloq
 80293 | Pan      | Killed Gloorx Vloq
 80329 | Pan      | Got a dark rune of Zot
 80406 | Pan      | Noticed Veics the pandemonium lord
 80407 | Pan      | Killed Veics the pandemonium lord
 80496 | Pan      | Identified the +2 hand axe "Real" {freeze, rF- Str+7}
 80919 | Pan      | Identified the +1 short sword "Hineg" {elec, ^Fragile rC+
                  | Int+2}
 81211 | Pan      | Noticed Avvifoc the pandemonium lord
 81214 | Pan      | Killed Avvifoc the pandemonium lord
 81339 | Pan      | Found an exit through the horrors of the Abyss.
 81796 | Pan      | Noticed Peol the pandemonium lord
 81884 | Pan      | Killed Peol the pandemonium lord
 82252 | Pan      | Found an exit through the horrors of the Abyss.
 82518 | Pan      | Identified the +7 trident "Haduucin" {pain, rElec}
 82551 | Pan      | Noticed Rorafem the pandemonium lord
 82570 | Pan      | Killed Rorafem the pandemonium lord
 82724 | Pan      | Reached skill level 27 in Ice Magic
 83022 | Pan      | Noticed Duokoev the pandemonium lord
 83028 | Pan      | Killed Duokoev the pandemonium lord
 83123 | Pan      | Identified the +7 plate armour of Bujyum {*Corrode MP+9
                  | Str+6 Stlth+}
 83135 | Pan      | Identified the +7 plate armour of the Storm King {Rampage
                  | ^Drain Regen+ Str+3}
 83399 | Pan      | Noticed Ucaerph the pandemonium lord
 83460 | Pan      | Killed Ucaerph the pandemonium lord
 83487 | Pan      | Found an exit through the horrors of the Abyss.
 83649 | Pan      | Noticed Plog the pandemonium lord
 83656 | Pan      | Reached skill level 1 in Staves
 83657 | Pan      | Killed Plog the pandemonium lord
 83756 | Pan      | Found a transporter.
 83853 | Pan      | Found a transporter.
 83898 | Pan      | Reached skill level 5 in Staves
 83938 | Pan      | Identified the ring "Canub" {rN+ Dex+3}
 83964 | Pan      | Identified the amulet of Alien {Faith rPois rF+ rC- Dex+4}
 84079 | Pan      | Found an exit through the horrors of the Abyss.
 84290 | Pan      | Noticed Ruuhushust the pandemonium lord
 84294 | Pan      | Killed Ruuhushust the pandemonium lord
 84635 | Pan      | Reached skill level 15 in Armour
 84699 | Pan      | Noticed Iheolounk the pandemonium lord
 84715 | Pan      | Killed Iheolounk the pandemonium lord
 85031 | Pan      | Got a demonic rune of Zot
 85267 | Depths:2 | Escaped Pandemonium
 85310 | Depths:3 | Voluntarily entered the Abyss.
 85330 | Abyss:4  | Found a corrupted altar of Lugonu.
 85336 | Abyss:4  | Found a corrupted altar of Lugonu.
 85336 | Abyss:4  | Found a corrupted altar of Lugonu.
 85453 | Abyss:4  | Paralysed by accursed screaming for 1 turns
 85469 | Abyss:4  | Paralysed by accursed screaming for 1 turns
 85473 | Abyss:4  | Paralysed by accursed screaming for 1 turns
 85525 | Abyss:4  | Reached skill level 10 in Staves
 85536 | Abyss:4  | Paralysed by accursed screaming for 1 turns
 85640 | Abyss:4  | Found a corrupted altar of Lugonu.
 85650 | Abyss:4  | Reached skill level 10 in Dodging
 85651 | Abyss:4  | Got an abyssal rune of Zot
 85656 | Depths:3 | Escaped the Abyss
 85671 | Hell     | Entered the Vestibule of Hell
 85671 | Hell     | Noticed Geryon
 85675 | Hell     | Killed Geryon
 85971 | Hell     | Found a gateway to the freezing wastes of Cocytus.
 85993 | Coc:1    | Entered Level 1 of Cocytus
 86114 | Hell     | Found a gateway to the decaying netherworld of Tartarus.
 86332 | Hell     | Found a gateway to the Iron City of Dis.
 86392 | Hell     | Found a gateway to the ashen valley of Gehenna.
 86553 | Geh:1    | Entered Level 1 of Gehenna
 87275 | Geh:7    | Entered Level 7 of Gehenna
 88292 | Geh:7    | Reached skill level 15 in Staves
 88314 | Geh:7    | Found the +13 sceptre of Asmodeus
 88314 | Geh:7    | Noticed Asmodeus
 88325 | Geh:7    | Killed Asmodeus
 88374 | Geh:7    | Got an obsidian rune of Zot
 89210 | Coc:5    | Killed a dread lich
 89272 | Coc:6    | Noticed an ancient lich
 89274 | Coc:6    | Killed an ancient lich
 89404 | Coc:7    | Entered Level 7 of Cocytus
 89577 | Coc:7    | Noticed an ancient lich
 89585 | Coc:7    | Killed an ancient lich
 90196 | Coc:7    | Identified the +4 short sword of Symmetry {venom, rC- rCorr
                  | Str+2}
 90196 | Coc:7    | Noticed Antaeus
 90280 | Coc:7    | Killed Antaeus
 90481 | Coc:7    | Got an icy rune of Zot
 90915 | Dis:1    | Entered Level 1 of the Iron City of Dis
 90919 | Dis:1    | Reached skill level 1 in Evocations
 91294 | Dis:4    | Reached skill level 5 in Evocations
 91662 | Dis:6    | Noticed a juggernaut
 91664 | Dis:6    | Killed a juggernaut
 91771 | Dis:6    | Noticed a juggernaut
 91773 | Dis:6    | Killed a juggernaut
 91818 | Dis:6    | Noticed a juggernaut
 91834 | Dis:6    | Killed a juggernaut
 91849 | Dis:6    | Reached skill level 10 in Evocations
 91858 | Dis:6    | Noticed a juggernaut
 91862 | Dis:6    | Killed a juggernaut
 91944 | Dis:6    | Noticed a juggernaut
 91946 | Dis:6    | Killed a juggernaut
 92002 | Dis:7    | Entered Level 7 of the Iron City of Dis
 92068 | Dis:7    | Noticed an ancient lich
 92073 | Dis:7    | Killed an ancient lich
 92662 | Dis:7    | Noticed a juggernaut
 92669 | Dis:7    | Killed a juggernaut
 92889 | Dis:7    | Noticed a juggernaut
 92897 | Dis:7    | Killed a juggernaut
 93332 | Dis:7    | Identified the +1 flail of Success {venom, rElec rN+ Str-4}
 93619 | Dis:7    | Noticed a juggernaut
 93623 | Dis:7    | Killed a juggernaut
 93644 | Dis:7    | Noticed Dispater
 93805 | Dis:7    | Noticed the Serpent of Hell
 93815 | Dis:7    | Killed the Serpent of Hell
 93999 | Dis:7    | Killed Dispater
 94088 | Dis:7    | Identified the +5 short sword of Vienwa Ytyi {freeze,
                  | Int+3}
 94101 | Dis:7    | Got an iron rune of Zot
 94703 | Tar:1    | Entered Level 1 of Tartarus
 94843 | Tar:2    | You are sucked into a shaft and drop 1 floor!
 95005 | Tar:4    | Reached skill level 15 in Evocations
 95205 | Tar:6    | Noticed a dread lich
 95207 | Tar:6    | Killed a dread lich
 95248 | Tar:7    | Entered Level 7 of Tartarus
 95852 | Tar:7    | Reached skill level 27 in Earth Magic
 96285 | Tar:7    | Identified the staff "Starlight" {rC+ Will+ Str+3 Stlth+
                  | Ice}
 96286 | Tar:7    | Identified the +0 hat "Faggeyruej" {+Inv}
 96426 | Tar:7    | Noticed Ereshkigal
 96430 | Tar:7    | Killed Ereshkigal
 96491 | Tar:7    | Identified the amulet "Ziosur" {Acrobat +Inv}
 96502 | Tar:7    | Got a bone rune of Zot
 96989 | Zot:5    | Noticed an orb of fire
 97064 | Zot:5    | Got the Orb of Zot
 97388 | Depths:1 | Noticed Ola Ascheeth the pandemonium lord
 97393 | Depths:1 | Killed Ola Ascheeth the pandemonium lord
 97476 | D:13     | Noticed Fuel the pandemonium lord
 97771 | D:1      | Noticed a seraph
 97810 | D:$      | Escaped with the Orb!

Illustrated notes

Levels and vault maps discovered:
D:1:      amcnicky_arrival_feature_with_door, layout_basic,
          hellmonk_ecumenical_altar_crossroads
D:2:      layout_basic, basic_altar, fountainhead, minmay_misc_feat_plants,
          dreamdust_wishing_well, minmay_indecisive_spiral
D:3:      layout_basic, lemuel_doored_altar, kennysheep_nondescript,
          uniq_sigmund
D:4:      layout_cave_pools, serial_park, serial_park_fountain,
          serial_park_avenue1, serial_park_tiny_pond, serial_park_square3
          [serial_park_minivault_5x5_2], serial_park_tiny_pond,
          minmay_manual_monstrance
D:5:      layout_cave_pools, nzn_hepliaklqana_mist_gate, serial_shops,
          nicolae_shop_rolling_square, serial_park_tiny_1, uniq_ijyb
D:6:      cheibrodos_fzero, layout_basic, nicolae_qazlal_beasts_of_the_sky,
          xom_redecorated, minmay_temple_entry_waves, uniq_crazy_yiuf_cottage
D:7:      layout_loops_corners, jmf_multi_god_temple2
D:8:      layout_basic, lemuel_zombie_altar_yredelemnul,
          mainiacjoe_overflow_cross_hatched, dpeg_oklobed_lair
D:9:      layout_cave_pools, uniq_erica
D:10:     hellmonk_destroyed_diamonds, layout_basic,
          nicolae_trove_entry_isolated
D:11:     minmay_the_grid_square_5x5_4x4 [minmay_the_grid_square_5x5_two,
          minmay_the_grid_square_5x5_shrine2, minmay_the_grid_square_5x5_tie,
          minmay_the_grid_square_5x5_checkered_statues,
          minmay_the_grid_square_5x5_three,
          minmay_the_grid_square_5x5_prize_gold,
          minmay_the_grid_square_5x5_prize_open,
          minmay_the_grid_square_5x5_six_small, minmay_the_grid_square_5x5_plus,
          minmay_the_grid_square_5x5_prize_deathbox,
          minmay_the_grid_square_5x5_prize_open,
          minmay_the_grid_square_5x5_checkered,
          minmay_the_grid_square_5x5_longway,
          minmay_the_grid_square_5x5_two_walls_a,
          minmay_the_grid_square_5x5_seven, minmay_the_grid_square_5x5_minibox],
          layout_basic
D:12:     layout_basic
D:13:     layout_roguey, serial_shops, shop, serial_undead, serial_undead_d,
          serial_undead_e, serial_undead_c, serial_undead_b,
          kennysheep_opposing_triangles
D:14:     layout_basic, david_vaults_1, uniq_snorg
D:15:     grunt_enter_depths_giant_problem, layout_cross,
          nzn_wu_jian_council_hall, minmay_misc_feat_nine_boxes,
          minmay_door_square
Temple:   nicolae_temple_great_sept
Lair:1:   layout_hall_layers, gauntlet_entry_generic, basic_altar, special_room
          [special_room_bee], wad_woods_road_03
Lair:2:   layout_loops_ring, mainiacjoe_swamp_entry_lozenge_pond,
          nzn_masters_of_martial_movement, grunt_megastairs_4
Lair:3:   layout_hall_layers, dummy_spider_entry, ebering_ghost_rock_garden,
          beast_lair_carwin_8
Lair:4:   layout_regular_city, slime_entry_1, nicolae_volcano_entry_vermiform,
          chequers_serial_rivers_micro_d, grunt_megastairs_5, uniq_urug
Lair:5:   grunt_lair_end_beastmaster, layout_misc_corridors,
          serial_bayou_shore_a, infiniplex_staircase_pool_2
Swamp:1:  layout_basic_swamp, basic_altar, swamp_pool_5,
          nicolae_swamp_snake_nest
Swamp:2:  layout_falls_marsh, nicolae_swamp_stuck_in_the_mud,
          infiniplex_staircase_pool, uniq_donald
Swamp:3:  layout_basic_swamp, evilmike_swamp_ruin_rubble_1,
          nzn_swamp_blast_mining, uniq_nikola, uniq_mlioglotl, uniq_roxanne
Swamp:4:  swamp, layout_basic_swamp, swamp_pool_1_2,
          nicolae_swamp_well_well_well, nicolae_swamp_bean_lake, uniq_mara
Spider:1: layout_spider_delve
Spider:2: spider_temple_joshua, drop_trap, nicolae_spider_some_kinda_spiderbox
Spider:3: layout_spider_delve, drop_trap, guppyfry_spider_mini_1,
          uniq_bai_suzhen
Spider:4: grunt_spider_rune_parallel, ebering_ghost_inner_flame
Slime:1:  layout_caves
Slime:2:  cheibrodos_slime_lost_civilization_3, layout_caves
Slime:3:  layout_caves, nicolae_slime_getting_an_eyeful
Slime:4:  layout_caves
Slime:5:  slime_pit_nicolae_block_by_block
Orc:1:    layout_caves, serial_shops, shop_fountains, abandoned_shop,
          nicolae_shop_firing_range, uniq_jorgrun, uniq_gastronok, uniq_erolcha
Orc:2:    pubby_orc_utopia, serial_shops
Elf:1:    elf_arrival_001, layout_loops_cross, serial_shops,
          nicolae_lakefront_shop, nicolae_shop_pleasant_corner_grove, shop,
          nicolae_shop_waterfront, ebering_ghost_reflecting_pool, minivault_28,
          palyth_stone_intersect, drop_trap, uniq_aizul
Elf:2:    elven_hall_of_blades_hangedman_original [grunt_blade_entry_basic],
          layout_geoelf_grid, serial_co_window_serial,
          co_window_of_opportunity_a, co_window_paths_b, co_window_paths_a,
          co_window_paths_a, co_window_paths_b, co_window_paths_a,
          co_window_corner_b, co_window_of_opportunity_c, co_window_corner_cb,
          glass_columns_a, guppyfry_library_mini
Elf:3:    minmay_elf_hall_quartered_circle, layout_loops_cross,
          serial_co_window_serial, co_window_paths_a, co_window_paths_a,
          co_window_paths_b, co_window_paths_b, co_window_paths_b,
          co_window_corner_a, co_window_unsneaky_path_c, co_window_cross_4,
          co_window_unsneaky_path_a, co_window_2corner, co_window_corner_b,
          glass_columns_c, glass_columns_a, glass_columns_c, glass_columns_b,
          glass_columns_c
Vaults:1: nicolae_vaults_surprise_closet, nicolae_vaults_tetromino_Z_2,
          st_smaller_cells, ontoclasm_vaults_hangar, grunt_vaults_twisty,
          nicolae_vaults_closet_pinwheel_5, grunt_vaults_funnel,
          vaults_room_grunt_arrival_ludios, nicolae_vaults_storage_closets_1,
          nicolae_vaults_variable_pillar_hall, nicolae_vaults_little_squares_3,
          nicolae_vaults_tetromino_Z_2, layout_vaults_maze_snakey,
          uniq_saint_roka
Vaults:2: blue_anna_dwarven_crypt, nicolae_vaults_more_shelving_1,
          nicolae_vaults_corpse_flower, nicolae_vaults_trapezoid_layered,
          v_misc_5, v_pattern_3, nicolae_vaults_little_squares_4,
          ontoclasm_vaults_misaligned, nicolae_vaults_big_angled_halls,
          vaults_dpeg_spiral, nicolae_vaults_trapezoid_layered,
          nicolae_vaults_rhombus_6, nicolae_vaults_closet_pinwheel_4,
          ontoclasm_vaults_pinch, nicolae_vaults_trapezoid_1,
          ontoclasm_vaults_ring_square, vaults_room_fours,
          layout_vaults_big_cross
Vaults:3: advil_vaults_ghost_guards, v_alt_pattern_4, st_cross,
          nicolae_vaults_triangles, nicolae_vaults_heist,
          hangedman_vaults_capsules, ontoclasm_vaults_decontamination,
          hangedman_vaults_maws, vaults_dpeg_hooks, layout_vaults_quadrants,
          serial_shops, nicolae_shop_real_fake_doors
Vaults:4: hangedman_vaults_impose, hangedman_vaults_corner,
          nicolae_vaults_network_quinsquares
          [nicolae_vaults_network_quincunx_subvault,
          nicolae_vaults_network_quincunx_subvault,
          nicolae_vaults_network_quincunx_subvault,
          nicolae_vaults_network_quincunx_subvault],
          nicolae_vaults_ninety_degrees, hangedman_vaults_slice,
          vaults_mumra_minichess_inversion, nicolae_vaults_diffraction_hallways,
          grunt_vaults_focal, nicolae_vaults_shelves_hall,
          layout_vaults_big_room, uniq_boris, uniq_sojobo
Vaults:5: serial_shops, uniq_jory
Crypt:1:  layout_regular_city, ebering_ghost_disaster_area,
          nicolae_crypt_reliquary_box, fountainhead,
          serial_sigils_hangedman_carve, st_stairs_4
Crypt:2:  layout_misc_corridors, grunt_megastairs_1, uniq_khufu, uniq_frederick
Crypt:3:  evilmike_haunted_forest
Tomb:1
Tomb:2
Tomb:3
Depths:1: layout_gridlike, enter_ziggurat_c, pf_hell_entry_tar_river,
          nicolae_zig_zag_zippers, nicolae_dithmenos_the_darkroom, uniq_asterion
Depths:2: hangedman_spin_cycle, serial_shops, hell_entry, pan_entry
Depths:3: minmay_shoctagon, layout_cave_shapes, grunt_metal_band,
          abyss_entry_flame_altar, nicolae_tricolors, st_stairs_14,
          grunt_gozag_statues
Depths:4: lemuel_castle_with_subvaults [lemuel_castle_interior_carwin_2],
          layout_twisted_cross, abyss_entry, hell_entry, minmay_shop_grove,
          serial_bayou_shore_b
Hell
Dis:1:    layout_gridville
Dis:2:    layout_subdivisions, nicolae_dis_grated_feature
Dis:3:    layout_jigsaw
Dis:4:    layout_overlapping_boxes, hangedman_dis_decor_tower
Dis:5:    layout_gridville, nicolae_dis_emergency_hatch
Dis:6:    nicolae_hells_titanomachy
Dis:7:    dis_hangedman
Geh:1:    layout_gehenna_pools_basic
Geh:2:    layout_gehenna_lava_caves
Geh:3:    layout_gehenna_pools_box
Geh:4:    layout_gehenna_pools_basic
Geh:5:    layout_gehenna_pools_basic
Geh:6:    layout_gehenna_lava_caves
Geh:7:    geh_grunt
Coc:1:    layout_ice_bergs, nicolae_coc_melting_block
Coc:2:    layout_cocytus_water_paths
Coc:3:    layout_cocytus_delve
Coc:4:    layout_ice_bergs
Coc:5:    layout_ice_bergs
Coc:6:    layout_cocytus_delve
Coc:7:    coc_grunt_cove [coc_grunt_cove_antaeus, coc_grunt_cove_fiend,
          coc_grunt_cove_fiend, coc_grunt_cove_fiend, coc_grunt_cove_fiend]
Tar:1:    layout_honeycomb, nicolae_tar_honey_chapel
Tar:2:    layout_catacombs
Tar:3:    layout_catacombs
Tar:4:    layout_cathedral_of_symmetry
Tar:5:    layout_catacombs
Tar:6:    layout_catacombs, nicolae_tar_cuneiform_water
Tar:7:    tar_minmay_river
Zot:1:    layout_concentric_octagons
Zot:2:    layout_misc_corridors, regret_index_zotdec_barnacled_simple,
          nicolae_tricolors
Zot:3:    layout_gridlike, regret_index_zotdec_magical_s
Zot:4:    layout_gridville, hangedman_snake_sidewinding
Zot:5:    layout_gridlike

Skill      XL: |  1  2  3  4  5  6  7  8  9 10 11 12 13 14 15 16 17 18 19 20 21 22 23 24 25 26 27 |
---------------+----------------------------------------------------------------------------------+-----
Earth Magic    | 4 5 6 8 9 10 11 12 14 15 16 17 18 19 20 21 22 23 27 | 27.0
Conjurations   | 2 3 4 5 6 7 9 10 11 12 13 14 15 16 18 19 20 21 22 23 24 27 | 27.0
Spellcasting   | 3 4 5 6 7 8 9 10 11 12 13 14 15 16 17 18 19 20 21 27 | 27.0
Fighting       | 2 4 5 7 8 10 13 17 27 | 27.0
Shields        | 3 4 5 9 10 21 | 21.2
Fire Magic     | 3 5 7 8 10 12 13 14 16 18 20 21 27 | 27.0
Necromancy     | 2 4 5 |  5.5
Summonings     | 3 6 8 10 | 10.0
Shapeshifting  | 3 26 | 26.8
Ice Magic      | 27 | 27.0
Armour         | 20 | 20.1
Dodging        | 13 | 13.8
Staves         | 19 | 19.0
Evocations     | 20 | 20.0
Stealth        | |  2.1

Action                     |  1- 3 |  4- 6 |  7- 9 | 10-12 | 13-15 | 16-18 | 19-21 | 22-24 | 25-27 || total
---------------------------+-------+-------+-------+-------+-------+-------+-------+-------+-------++-------
  Melee: Unarmed           |    11 |       |       |       |       |       |       |       |       ||    11
         Dagger            |     3 |     7 |       |       |       |       |       |       |       ||    10
         Hand axe          |       |     7 |    55 |     5 |       |       |       |       |       ||    67
         Punch             |       |       |     1 |       |       |       |       |       |       ||     1
         Staff             |       |       |       |     1 |     2 |     9 |     1 |     1 |   109 ||   123
   Cast: Sandblast         |    51 |    72 |    62 |    30 |    34 |     8 |       |       |       ||   257
         Stone Arrow       |       |       |    70 |   334 |   848 |   177 |       |       |       ||  1429
         Flame Wave        |       |       |       |    19 |       |       |       |       |       ||    19
         Borgnjor's Vile C |       |       |       |       |     8 |   101 |   104 |    15 |    47 ||   275
         Bombard           |       |       |       |       |       |   276 |       |     1 |     3 ||   280
         Fireball          |       |       |       |       |       |   198 |   209 |   107 |       ||   514
         Spellforged Servi |       |       |       |       |       |    19 |    58 |    66 |   183 ||   326
         Lehudib's Crystal |       |       |       |       |       |   102 |   246 |   302 |   626 ||  1276
         Ignition          |       |       |       |       |       |       |     1 |     2 |    21 ||    24
         Shatter           |       |       |       |       |       |       |       |    10 |   102 ||   112
         Fire Storm        |       |       |       |       |       |       |       |    78 |  2005 ||  2083
         Polar Vortex      |       |       |       |       |       |       |       |       |   149 ||   149
  Evoke: Wand              |       |       |       |       |       |     3 |       |       |     2 ||     5
         Figurine of a zig |       |       |       |       |       |       |       |       |     1 ||     1
    Use: Scroll            |       |       |       |    16 |    13 |    15 |     6 |     7 |    38 ||    95
         Potion            |       |       |       |     4 |       |       |       |     6 |    36 ||    46
   Stab: Distracted        |       |       |       |       |       |       |       |       |     1 ||     1
 Armour: Robe              |    38 |    60 |    72 |    31 |       |    40 |   258 |   244 |   957 ||  1700
         Leather armour    |       |       |       |    25 |       |     1 |       |       |       ||    26
         Troll leather arm |       |       |       |   184 |   484 |   409 |       |       |       ||  1077
  Dodge: Dodged            |    32 |    46 |    92 |   129 |   240 |   215 |    76 |    90 |   182 ||  1102
         Repelled          |       |       |       |     3 |     3 |       |       |       |       ||     6
  Block: Buckler           |       |       |    11 |    40 |   120 |   141 |    55 |    41 |     6 ||   414
         Reflection        |       |       |       |       |       |       |       |     5 |     5 ||    10
         Kite shield       |       |       |       |       |       |       |       |       |  1179 ||  1179
         Tower shield      |       |       |       |       |       |       |       |       |    70 ||    70
   Form: Death             |       |       |       |       |       |       |       |       |     2 ||     2
                           |       |       |       |       |       |       |       |       |     1 ||     1
